 Dungeon Crawl Stone Soup version 0.30.0-20-g3615ddf2f0 (webtiles) character file.

Game seed: 4994351018612993281

372752 qw the Impregnable (level 22, -16/147 (150) HPs)
             Began as a Gargoyle Fighter on June 1, 2023.
             Was a High Priest of Okawaru.
             Killed by the air
             ... invoked by a blizzard demon
              (20 damage)
             ... on level 4 of the Depths.
             The game lasted 00:28:11 (47936 turns).

qw the Impregnable (Gargoyle Fighter)              Turns: 47936, Time: 00:28:11

HP:   -16/147 (150) AC: 67    Str: 30    XL:     22   Next: 70%
MP:   29/29         EV: 20    Int: 14    God:    Okawaru [*****.]
Gold: 1647          SH: 24    Dex:  9    Spells: 21/21 levels left

rFire   . . .        c - +1 broad axe (spect)
rCold   + . .        E - +2 tower shield {rC+}
rNeg    + . .        i - +4 crystal plate armour
rPois   inf          t - +2 helmet
rElec   +            D - +2 cloak
rCorr   .            x - +1 pair of gloves "Fouzo" {Int+4}
SInv    +            u - +2 pair of boots
Will    ++...        a - amulet of faith Stlth
                     F - ring of Nypsaphu {rElec Will+ EV+5 SInv}
HPRegen 0.44/turn    w - +5 ring of evasion
MPRegen 0.21/turn

%: faith
@: about to teleport, heroic, flying, lightly drained
A: sickness immunity, AC +16, big wings, negative energy resistance 1,
electricity resistance, torment resistance 1, petrification resistance
}: 2/15 runes: decaying, serpentine
a: Renounce Religion, Heroism, Finesse, Duel


You were on level 4 of the Depths.
You worshipped Okawaru.
Okawaru was extremely pleased with you.
You visited 8 branches of the dungeon, and saw 39 of its levels.
You visited the Abyss 1 time.

You collected 4511 gold pieces.
You spent 2864 gold pieces at shops.


Innate Abilities, Weirdness & Mutations

You are immune to sickness and miasma.
Your stone body is resilient. (AC +16)
You are immune to poison.
Your large and strong wings let you fly.
You resist negative energy. (rN+)
You are resistant to electric shocks. (rElec)
You are resistant to unholy torment.
You are immune to petrification.


   Skills:
 + Level 19.2(24.2) Fighting
 - Level 18.0(23.0) Axes
 - Level 11.0(16.0) Throwing
 - Level 22.0(27) Armour
 - Level 5.0(10.0) Dodging
 - Level 20.4(25.4) Shields
 - Level 10.0 Invocations


You had 21 spell levels left.
You didn't know any spells.
Your spell library was empty.

Inventory:

Hand Weapons
 c - a +1 spectral broad axe (weapon)
Missiles
 m - 3 silver javelins (quivered)
 y - 7 boomerangs
Armour
 i - a +4 crystal plate armour (worn)
 r - a scarf of resistance
 t - a +2 helmet (worn)
 u - a +2 pair of boots (worn)
 x - the +1 pair of gloves "Fouzo" (worn) {Int+4}
   (You found it on level 8 of the Dungeon)

   Int:       It affects your intelligence (+4).
 D - a +2 cloak (worn)
 E - a +2 tower shield of cold resistance (worn)
 I - the +3 shadow dragon scales of Youthful Indiscretion {*Slow rElec rCorr Stlth++++}
   (You took it off a deep elf blademaster on level 2 of the Depths)

   rElec:     It insulates you from electricity.
   rCorr:     It protects you from acid and corrosion.
   *Slow:     It may slow you when you take damage.
   Stlth:     It makes you much more stealthy.
Jewellery
 a - an amulet of faith (around neck)
 h - a ring of resist corrosion
 k - an amulet of reflection
 o - a ring of protection from cold
 q - a ring of fire
 w - a +5 ring of evasion (right hand)
 B - a ring of protection from fire
 F - the ring of Nypsaphu (left hand) {rElec Will+ EV+5 SInv}
   (You bought it in a shop on level 2 of the Orcish Mines)

   [ring of evasion]

   EV:        It affects your evasion (+5).
   rElec:     It insulates you from electricity.
   SInv:      It lets you see invisible.
   Will:      It increases your willpower.
 G - a ring of ice
 H - a ring of resist corrosion
Scrolls
 b - 17 scrolls of identify
 l - 8 scrolls of teleportation
 p - 4 scrolls of brand weapon
Potions
 d - 7 potions of might
 e - 28 potions of curing
 f - 3 potions of attraction
 g - 5 potions of mutation
 j - 7 potions of haste
 s - 7 potions of cancellation
 v - 8 potions of lignification
 z - 2 potions of magic
 C - a potion of resistance

Dungeon Overview and Level Annotations

Branches:
Dungeon (15/15)            Temple (1/1) D:5            Lair (5/5) D:10
  Swamp (4/4) Lair:2        Snake (4/4) Lair:2        Slime (0/5) Lair:4
    Orc (2/2) D:10            Elf (0/3) Orc:2        Vaults (4/5) D:14
  Crypt (0/3) Vaults:3     Depths (4/4) D:15
    Zot: Depths:4

Altars:
Ashenzari
Cheibriados
Dithmenos
Elyvilon
Fedhas
Gozag
Hepliaklqana
Kikubaaqudgha
Makhleb
Nemelex Xobeh
Okawaru
Qazlal
Ru
Sif Muna
Trog
Uskayaw
Vehumet
Wu Jian
Xom
Yredelemnul
Zin
The Shining One

Shops:
D:4 (   Orc:2 [=*?   Snake:2 *(   Vaults:2 [   Vaults:3 =

Portals:
Hell: Depths:1 Depths:2 Depths:3
Pandemonium: Depths:2
Ziggurat: Depths:2
Trove: D:14 (give +4 storm dragon scales)

Annotations:
Lair:4 1 runed translucent door, qw's ghost, journeyman GrFi


Message History

Your surroundings suddenly seem different.
A white draconian comes into view. It is wielding a +0 flail.
Found 2 boomerangs of dispersal, 25 gold pieces and a wand of mindburst (9).
The white draconian roars!
You hear a roar!
Your spectral weapon shares its damage with you!
Enter note:
47930 ||| READING 10 scrolls of teleportation.
As you read the scroll of teleportation, it crumbles to dust.
You feel strangely unstable.
A red draconian comes into view. It is wielding a +0 battleaxe.
Enter note: You slash the white draconian!
The white draconian is lightly wounded.
Your +1 spectral broad axe hits the white draconian!
You completely miss the white draconian.
The white draconian is moderately wounded.
Your +1 spectral broad axe hits the white draconian!
Your surroundings suddenly seem different.
The green draconian roars!
The red draconian scorcher breathes fire at you.
The searing blast misses you.
The shadow dragon breathes negative energy at you.
The bolt of negative energy hits you! You partially resist.
You feel drained.
47935 ||| READING 9 scrolls of teleportation.
As you read the scroll of teleportation, it crumbles to dust.
You feel strangely unstable.
You hit the green draconian monk.
The green draconian monk is heavily wounded.
Your +1 spectral broad axe completely misses the green draconian monk.
You are no longer corroded.
The green draconian monk hits your +1 spectral broad axe.
Your spectral weapon shares its damage with you!
The green draconian monk kicks your +1 spectral broad axe but does no damage.
The green draconian monk tail-slaps your +1 spectral broad axe.
Your spectral weapon shares its damage with you!
The green draconian monk tail-slaps your +1 spectral broad axe!
Your spectral weapon shares its damage with you!
The blizzard demon waves its arms in wide circles.
The air twists around and strikes you!!
You die...

....##.........
.....#'........ #####
......''#...... #[.\.!#
........###./.##.0..$0.#
#().......#####...._....
#}(.........##..8...8..#
##(...).....')..........
###......('d().8...8...
##....ยค@qd[..........
####...#D[d.8.?.8...
#####.q.)...d....
#[8.2%8.d.8...
#...).))......
#.....))......
...(......#.#....
....'.....#...#...
....#.......8.....


You could see a shadow dragon, a green draconian monk (ally target), a yellow
draconian, 2 draconians, a red draconian scorcher (catching breath), a blizzard
demon and a friendly +1 spectral broad axe.

Vanquished Creatures
  Mara (Swamp:4)
  Saint Roka (Vaults:3)
  A golden dragon (Depths:3)
  A bone dragon (Depths:4)
  A doom hound (Depths:2)
  2 hellephants (Depths:2)
  A walking crystal tome (Depths:2)
  Asterion (Vaults:1)
  Rupert (Lair:3)
  A titan (Depths:2)
  A deep elf master archer (Depths:2)
  2 tentacled starspawn (Abyss:2)
  A deep elf blademaster (Depths:2)
  A thorn hunter (Swamp:3)
  3 tengu reavers
  6 sphinxes
  A revenant (Vaults:3)
  A storm dragon (Depths:3)
  A shadow dragon (Depths:2)
  5 nagarajas (Snake:4)
  9 fire giants
  9 frost giants
  15 vault wardens
  Louise (Swamp:3)
  3 spriggan defenders (Depths:2)
  2 draconian stormcallers (Depths:4)
  12 ironbound preservers
  20 very ugly things
  5 war gargoyles
  13 stone giants
  A juggernaut skeleton (Depths:2)
  8 ironbound thunderhulks
  5 eleionomae
  A green draconian (Depths:4)
  3 dire elephants
  2 vampire knights (Depths:3)
  A white draconian (Depths:4)
  2 spark wasps (Depths:2)
  2 red draconians (Depths:4)
  A yellow draconian (Depths:4)
  7 bunyips
  A merfolk javelineer (Depths:3)
  A quicksilver dragon zombie (Depths:2)
  4 jiangshi
  A shambling mangrove (Swamp:4)
  9 ettins
  15 yaktaur captains
  3 fire dragons
  3 rakshasas (Depths:2)
  24 hydras
  4 great orbs of eyes
  A ghost crab (Swamp:1)
  Harold (D:10)
  An entropy weaver (Vaults:1)
  16 vault guards
  8 ice dragons
  A quicksilver dragon skeleton (Depths:2)
  4 ogre magi (Orc:2)
  3 spriggan air magi
  2 peacekeepers
  A death knight (D:15)
  5 alligators
  2 salamander tyrants (Snake:4)
  10 centaur warriors
  6 anacondas
  3 catoblepae
  5 boulder beetles
  9 ironbound frosthearts
  12 naga warriors
  15 two-headed ogres (Orc:2)
  6 tengu warriors
  Urug (D:10)
  5 deep troll earth magi
  A titan zombie (Depths:3)
  3 thrashing horrors (Abyss:2)
  2 deep troll shamans
  A vampire mage (Depths:2)
  5 naga sharpshooters
  8 spriggan berserkers
  9 shock serpents
  9 hell knights (Depths:2)
  Sonja (D:11)
  4 soul eaters
  A wretched star (Abyss:2)
  3 skeletal warriors (Depths:4)
  A spatial maelstrom (Abyss:2)
  4 iron trolls (Depths:4)
  9 salamander mystics
  A flayed ghost (Depths:1)
  2 spriggan druids
  6 goliath frogs
  8 swamp dragons
  24 deep trolls
  A glowing orange brain (Abyss:2)
  2 phantasmal warriors (Depths:3)
  7 wizards
  Pikel (D:5)
  6 bog bodies
  8 naga ritualists
  3 harpies (Vaults:2)
  3 deep elf pyromancers
  11 ironbound convokers
  A sphinx zombie (Depths:3)
  An orc knight (Orc:2)
  10 lindwurms
  A tengu zombie (Vaults:1)
  9 necromancers
  18 salamanders
  6 cyclopes
  2 fire giant zombies
  11 mana vipers
  A tengu skeleton (Depths:2)
  3 will-o-the-wisps
  2 shadow dragon skeletons (Depths:2)
  A manticore (shapeshifter) (Depths:2)
  8 manticores
  A sphinx skeleton (Vaults:1)
  28 ugly things
  A fire giant skeleton (Depths:3)
  A worldbinder (Abyss:2)
  11 elephants
  13 naga magi
  Joseph (D:10)
  17 vault sentinels
  40 black mambas
  2 guardian serpents (Snake:1)
  Maggie (D:9)
  A smoke demon (Abyss:2)
  An eye of devastation (Abyss:2)
  A gargoyle (D:11)
  An unseen horror (D:13)
  15 cane toads
  2 efreet
  A human zombie (Vaults:1)
  5 rime drakes
  3 kobold demonologists
  22 yaktaurs
  2 freezing wraiths
  11 komodo dragons
  3 tengu conjurers
  An ice devil (Depths:4)
  7 trolls
  10 hornets
  10 polar bears
  7 tyrant leeches
  A hellwing (Abyss:2)
  5 raiju
  7 dream sheep (Lair:5)
  31 blink frogs
  A sphinx simulacrum (Depths:3)
  A frost giant simulacrum (Depths:1)
  23 slime creatures
  A yak (shapeshifter) (D:11)
  9 water elementals
  A ynoxinul (Abyss:2)
  67 yaks
  A vampire (D:12)
  4 wraiths
  8 wyverns
  8 spriggans
  A fire elemental (Lair:4)
  3 basilisks
  A redback (shapeshifter) (Vaults:2)
  22 vampire mosquitoes
  A neqoxec (Abyss:2)
  3 spatial vortices (Abyss:2)
  A spriggan simulacrum (Depths:2)
  A steam dragon (D:9)
  19 swamp worms
  8 wargs
  2 acid dragons
  46 nagas
  6 large abominations (Abyss:2)
  14 water moccasins
  A floating eye (Depths:3)
  16 hell hounds
  8 swamp drakes
  A glowing shapeshifter skeleton (Depths:1)
  18 orc warriors
  2 sky beasts (D:7)
  11 black bears (Lair:5)
  3 ice beasts
  16 wolves
  10 centaurs
  28 ogres
  A boggart (Vaults:3)
  4 lemures (D:5)
  Blork the orc (D:5)
  5 kobold brigands
  2 phantoms
  13 bullfrogs
  A gnoll sergeant (D:7)
  2 scorpions (D:6)
  5 small abominations (Abyss:2)
  12 wights
  8 killer bees (D:9)
  7 howler monkeys
  A vampire bat (D:6)
  2 electric eels
  A lava snake (Lair:4)
  A human simulacrum (Vaults:1)
  3 hounds
  7 jellies
  13 orc priests
  A sleepcap (D:7)
  Terence (D:3)
  11 hell rats
  6 iguanas
  24 orc wizards
  A boggart simulacrum (D:14)
  3 gnolls (D:7)
  3 adders
  A shadow imp (D:7)
  2 white imps
  2 ufetubi (D:7)
  4 dart slugs
  63 orcs
  11 ball pythons
  2 bat skeletons (D:6)
  3 bat zombies (D:6)
  2 endoplasms (D:3)
  6 hobgoblins
  4 jackals (D:1)
  7 quokkas
  2 bats (D:2)
  A frilled lizard (D:3)
  3 giant cockroaches
  5 goblins
  23 kobolds
  7 rats
  4 starspawn tentacles (Abyss:2)
1475 creatures vanquished.

Vanquished Creatures (others)
  An ice dragon (Depths:2)
  A salamander tyrant (Snake:4)
  A hydra (Swamp:4)
  A spriggan air mage (Swamp:4)
  A shadow wraith (Depths:4)
  A wizard (Vaults:4)
  2 bloated husks (Swamp:1)
  A spriggan (Depths:3)
  An ettin simulacrum (Depths:4)
  4 foxfires
  100 spectral weapons
  3 starspawn tentacles (Abyss:2)
117 creatures vanquished.

Grand Total: 1592 creatures vanquished

Notes
Turn   | Place    | Note
-------+----------+-------------------------------------------
     0 | D:1      | qw the Gargoyle Fighter began the quest for the Orb.
     0 | D:1      | Reached XP level 1. HP: 14/14 MP: 1/1
     0 | D:1      | 0 ||| qw: Version: 0.2-a-102-gdf20003
     0 | D:1      | 0 ||| qw: Game counter: 684
     0 | D:1      | 0 ||| qw: Always use a shield: true
     0 | D:1      | 0 ||| qw: God list: Okawaru
     0 | D:1      | 0 ||| qw: Allow faded altars: false
     0 | D:1      | 0 ||| qw: Do Orc after D:15 true
     0 | D:1      | 0 ||| qw: Do second Lair branch before Depths: true
     0 | D:1      | 0 ||| qw: Lair rune preference: random
     0 | D:1      | 0 ||| qw: Plans: Normal, Zot:1-4, Slime:5, God:TSO, Crypt,
                  | Tomb, Pan, Hells, Abyss, Win
     0 | D:1      | 0 ||| PLANNING D:1-11
    16 | D:1      | 16 ||| Stepping ~*~*~tactically~*~*~ (hiding).
   224 | D:1      | Reached XP level 2. HP: 19/19 MP: 2/2
   293 | D:1      | 293 ||| Stepping ~*~*~tactically~*~*~ (hiding).
   406 | D:1      | 406 ||| Stepping ~*~*~tactically~*~*~ (stealth).
   415 | D:1      | Reached skill level 3 in Axes
   419 | D:1      | Reached XP level 3. HP: 23/23 MP: 3/3
   674 | D:1      | 674 ||| UPGRADING to +0 chain mail.
   684 | D:1      | 684 ||| DROPPING +0 scale mail.
   685 | D:1      | 685 ||| UPGRADING to ring of see invisible.
   686 | D:1      | 686 ||| READING 2 scrolls labelled LUXZAPHIGUH.
   687 | D:1      | 687 ||| READING 2 scrolls labelled LIOTOH RONENG.
   691 | D:1      | 691 ||| READING scroll labelled FUNGECU VOUWKI.
   692 | D:1      | 692 ||| DROPPING scroll of noise.
   748 | D:2      | 748 ||| Stepping ~*~*~tactically~*~*~ (stealth).
   858 | D:2      | 858 ||| Stepping ~*~*~tactically~*~*~ (stealth).
   978 | D:2      | 978 ||| DROPPING +0 club.
  1166 | D:2      | 1166 ||| UPGRADING to amulet of faith.
  1171 | D:2      | 1171 ||| READING scroll labelled VEIFFODGHEI.
  1188 | D:2      | 1188 ||| READING scroll labelled IMUASK JETZ.
  1189 | D:2      | 1189 ||| READING scroll labelled HOURRU QUISO.
  1190 | D:2      | 1190 ||| DRINKING 2 yellow potions.
  1191 | D:2      | 1191 ||| READING 4 scrolls of identify.
  1191 | D:2      | 1191 ||| IDENTIFYING clear potion
  1192 | D:2      | 1192 ||| READING 3 scrolls of identify.
  1192 | D:2      | 1192 ||| IDENTIFYING silvery potion
  1193 | D:2      | 1193 ||| READING 2 scrolls of identify.
  1193 | D:2      | 1193 ||| IDENTIFYING fuming white potion
  1194 | D:2      | 1194 ||| DROPPING potion of invisibility.
  1465 | D:3      | 1465 ||| Stepping ~*~*~tactically~*~*~ (stealth).
  1475 | D:3      | 1475 ||| Stepping ~*~*~tactically~*~*~ (stealth).
  1487 | D:3      | 1487 ||| FLEEEEING.
  1488 | D:3      | 1488 ||| FLEEEEING.
  1489 | D:3      | 1489 ||| STAIRDANCE
  1534 | D:3      | Reached XP level 4. HP: 28/28 MP: 4/4
  1536 | D:3      | 1536 ||| Stepping ~*~*~tactically~*~*~ (stealth).
  1595 | D:3      | Reached skill level 1 in Throwing
  1598 | D:3      | Found a shimmering altar of Xom.
  1633 | D:3      | Noticed Terence
  1641 | D:3      | Killed Terence
  1988 | D:3      | Found a broken altar of Ashenzari.
  2004 | D:3      | Reached XP level 5. HP: 24/32 MP: 5/5
  2058 | D:3      | 2058 ||| DROPPING +0 whip.
  2121 | D:3      | 2121 ||| DROPPING scarf of invisibility.
  2122 | D:3      | 2122 ||| READING 2 scrolls of identify.
  2122 | D:3      | 2122 ||| IDENTIFYING fuming dark potion
  2162 | D:4      | 2162 ||| Stepping ~*~*~tactically~*~*~ (hiding).
  2171 | D:4      | 2171 ||| FLEEEEING.
  2172 | D:4      | 2172 ||| FLEEEEING.
  2173 | D:4      | 2173 ||| FLEEEEING.
  2174 | D:4      | 2174 ||| FLEEEEING.
  2176 | D:4      | 2176 ||| FLEEEEING.
  2177 | D:4      | 2177 ||| FLEEEEING.
  2178 | D:4      | 2178 ||| STAIRDANCE
  2469 | D:4      | 2469 ||| Stepping ~*~*~tactically~*~*~ (hiding).
  2471 | D:4      | 2471 ||| Stepping ~*~*~tactically~*~*~ (hiding).
  2589 | D:4      | 2589 ||| Stepping ~*~*~tactically~*~*~ (hiding).
  2590 | D:4      | 2590 ||| Stepping ~*~*~tactically~*~*~ (hiding).
  2592 | D:4      | 2592 ||| Stepping ~*~*~tactically~*~*~ (hiding).
  2750 | D:4      | Reached XP level 6. HP: 34/38 MP: 6/6
  3204 | D:4      | 3204 ||| Stepping ~*~*~tactically~*~*~ (hiding).
  3414 | D:4      | Reached XP level 7. HP: 35/44 MP: 7/7
  3501 | D:4      | 3501 ||| Stepping ~*~*~tactically~*~*~ (stealth).
  3502 | D:4      | 3502 ||| Stepping ~*~*~tactically~*~*~ (stealth).
  3518 | D:4      | Found Kagu's Antique Weapon Shoppe.
  3634 | D:4      | 3634 ||| UPGRADING to ring of willpower.
  3635 | D:4      | 3635 ||| READING scroll labelled REHAIFAZAE.
  3636 | D:4      | 3636 ||| READING scroll labelled SUTHRA PUFEYD.
  3637 | D:4      | 3637 ||| READING scroll labelled NOTSECV ERCHEUN.
  3638 | D:4      | 3638 ||| READING 4 scrolls of identify.
  3638 | D:4      | 3638 ||| IDENTIFYING murky green potion
  3639 | D:4      | 3639 ||| READING 3 scrolls of identify.
  3639 | D:4      | 3639 ||| IDENTIFYING sedimented red potion
  3648 | D:5      | Entered Level 5 of the Dungeon
  3657 | D:5      | 3657 ||| Stepping ~*~*~tactically~*~*~ (hiding).
  3659 | D:5      | 3659 ||| Stepping ~*~*~tactically~*~*~ (hiding).
  3780 | D:5      | Noticed Blork the orc
  3791 | D:5      | Killed Blork the orc
  3792 | D:5      | Reached skill level 6 in Axes
  3842 | D:5      | Noticed Pikel
  3858 | D:5      | HP: 11/44 [Pikel/+2 whip of flaming (4)]
  3859 | D:5      | 3859 ||| READING 3 scrolls of teleportation.
  3860 | D:5      | 3860 ||| DRINKING potion of heal wounds.
  4038 | D:5      | Reached skill level 1 in Dodging
  4199 | D:5      | Found a staircase to the Ecumenical Temple.
  4201 | D:5      | 4201 ||| PLANNING TEMPLE
  4201 | D:5      | 4201 ||| READING 2 scrolls labelled MONYDO FIAP.
  4202 | D:5      | 4202 ||| READING scroll labelled HANLU TAAFF.
  4203 | D:5      | 4203 ||| DRINKING 3 sapphire potions.
  4204 | D:5      | 4204 ||| DROPPING 2 potions of degeneration.
  4205 | D:5      | 4205 ||| DROPPING scroll of blinking.
  4228 | Temple   | Entered the Ecumenical Temple
  4265 | Temple   | 4265 ||| PLANNING D:1-11
  4481 | D:5      | 4481 ||| READING 2 scrolls of brand weapon.
  4481 | D:5      | 4481 ||| BRANDING +1 war axe of protection.
  4627 | D:5      | Reached XP level 8. HP: 49/49 MP: 8/8
  4690 | D:5      | 4690 ||| Stepping ~*~*~tactically~*~*~ (stealth).
  4693 | D:5      | 4693 ||| Stepping ~*~*~tactically~*~*~ (stealth).
  4726 | D:5      | Killed Pikel
  4759 | D:5      | 4759 ||| UPGRADING to +4 ring of protection.
  4761 | D:5      | 4761 ||| READING scroll labelled HEN XYNUMMUYRU.
  4793 | D:6      | 4793 ||| Stepping ~*~*~tactically~*~*~ (hiding).
  4891 | D:6      | Reached skill level 6 in Fighting
  4921 | D:6      | Reached skill level 9 in Axes
  4921 | D:6      | Reached XP level 9. HP: 56/56 MP: 9/9
  4928 | D:6      | Found a snail-covered altar of Cheibriados.
  4986 | D:6      | 4986 ||| Stepping ~*~*~tactically~*~*~ (hiding).
  4987 | D:6      | 4987 ||| Stepping ~*~*~tactically~*~*~ (hiding).
  5102 | D:6      | Found an ancient bone altar of Kikubaaqudgha.
  5156 | D:6      | 5156 ||| Stepping ~*~*~tactically~*~*~ (stealth).
  5168 | D:6      | 5168 ||| DROPPING +0 flail.
  5174 | D:6      | 5174 ||| Stepping ~*~*~tactically~*~*~ (hiding).
  5175 | D:6      | 5175 ||| Stepping ~*~*~tactically~*~*~ (hiding).
  5186 | D:6      | Reached skill level 4 in Armour
  5284 | D:6      | Found an iron altar of Okawaru.
  5285 | D:6      | 5285 ||| PLANNING OKAWARU WORSHIP
  5285 | D:6      | 5285 ||| READING 2 scrolls labelled HUUCVOPITAI.
  5286 | D:6      | 5286 ||| DROPPING scroll of immolation.
  5293 | D:6      | Became a worshipper of Warmaster Okawaru
  5293 | D:6      | 5293 ||| PLANNING D:1-11
  5367 | D:6      | Found a blossoming altar of Fedhas.
  5411 | D:6      | 5411 ||| Stepping ~*~*~tactically~*~*~ (stealth).
  5426 | D:6      | 5426 ||| DROPPING +2 flail.
  5611 | D:6      | 5611 ||| READING scroll labelled TUORHA NOVEGIU.
  5612 | D:6      | 5612 ||| READING 3 scrolls of identify.
  5612 | D:6      | 5612 ||| IDENTIFYING glowing brown potion
  5613 | D:6      | 5613 ||| DROPPING potion of ambrosia.
  5731 | D:7      | 5731 ||| DRINKING 2 potions of curing.
  5731 | D:7      | 5731 ||| (to cure confusion)
  5746 | D:7      | 5746 ||| Stepping ~*~*~tactically~*~*~ (hiding).
  5877 | D:7      | Found a radiant altar of Vehumet.
  6057 | D:7      | You fall into a shaft and drop 1 floor!
  6074 | D:8      | 6074 ||| UPGRADING to +0 plate armour.
  6084 | D:8      | 6084 ||| DROPPING +0 chain mail.
  6085 | D:8      | 6085 ||| UPGRADING to +2 helmet.
  6116 | D:7      | Reached * piety under Okawaru
  6133 | D:7      | 6133 ||| INVOKING Heroism.
  6139 | D:7      | Reached skill level 5 in Armour
  6208 | D:7      | Found a sacrificial altar of Ru.
  6258 | D:7      | Reached skill level 6 in Armour
  6258 | D:7      | Reached XP level 10. HP: 63/63 MP: 10/10
  6274 | D:7      | Reached skill level 1 in Invocations
  6402 | D:7      | Found a hide-covered altar of Uskayaw.
  6608 | D:7      | 6608 ||| UPGRADING to +0 pair of boots.
  6613 | D:7      | 6613 ||| READING 2 scrolls of identify.
  6613 | D:7      | 6613 ||| IDENTIFYING fuming green potion
  6733 | D:8      | 6733 ||| Stepping ~*~*~tactically~*~*~ (stealth).
  6735 | D:8      | 6735 ||| Stepping ~*~*~tactically~*~*~ (stealth).
  6778 | D:8      | 6778 ||| Stepping ~*~*~tactically~*~*~ (stealth).
  6779 | D:8      | 6779 ||| Stepping ~*~*~tactically~*~*~ (stealth).
  6801 | D:8      | 6801 ||| Stepping ~*~*~tactically~*~*~ (stealth).
  6808 | D:8      | Reached skill level 3 in Invocations
  6810 | D:8      | Reached ** piety under Okawaru
  6968 | D:8      | 6968 ||| Stepping ~*~*~tactically~*~*~ (stealth).
  6970 | D:8      | Found an opulent altar of Gozag.
  6975 | D:8      | 6975 ||| Stepping ~*~*~tactically~*~*~ (stealth).
  7025 | D:8      | 7025 ||| Stepping ~*~*~tactically~*~*~ (hiding).
  7026 | D:8      | 7026 ||| Stepping ~*~*~tactically~*~*~ (hiding).
  7031 | D:8      | 7031 ||| DRINKING 4 potions of curing.
  7031 | D:8      | 7031 ||| (to cure confusion)
  7034 | D:8      | Reached skill level 7 in Armour
  7039 | D:8      | 7039 ||| Stepping ~*~*~tactically~*~*~ (stealth).
  7159 | D:8      | 7159 ||| Stepping ~*~*~tactically~*~*~ (hiding).
  7261 | D:8      | 7261 ||| Stepping ~*~*~tactically~*~*~ (stealth).
  7264 | D:8      | 7264 ||| Stepping ~*~*~tactically~*~*~ (stealth).
  7269 | D:8      | 7269 ||| Stepping ~*~*~tactically~*~*~ (stealth).
  7531 | D:8      | Identified the +1 pair of gloves "Fouzo" {Int+4}
  7766 | D:8      | 7766 ||| UPGRADING to +1 pair of gloves "Fouzo" {Int+4}.
  7901 | D:9      | 7901 ||| INVOKING Heroism.
  7945 | D:9      | 7945 ||| Stepping ~*~*~tactically~*~*~ (stealth).
  7957 | D:9      | Reached *** piety under Okawaru
  8068 | D:9      | Noticed a kobold demonologist
  8073 | D:9      | Reached skill level 3 in Throwing
  8074 | D:9      | Killed a kobold demonologist
  8092 | D:9      | Noticed Maggie
  8093 | D:9      | 8093 ||| Stepping ~*~*~tactically~*~*~ (stealth).
  8136 | D:9      | 8136 ||| Stepping ~*~*~tactically~*~*~ (hiding).
  8155 | D:9      | 8155 ||| Stepping ~*~*~tactically~*~*~ (stealth).
  8236 | D:9      | 8236 ||| INVOKING Heroism.
  8277 | D:9      | 8277 ||| Stepping ~*~*~tactically~*~*~ (stealth).
  8280 | D:9      | Reached **** piety under Okawaru
  8326 | D:9      | 8326 ||| INVOKING Heroism.
  8331 | D:9      | Killed Maggie
  8731 | D:9      | 8731 ||| READING 2 scrolls labelled TUGIGO JASTI.
  8732 | D:9      | 8732 ||| READING 4 scrolls of identify.
  8732 | D:9      | 8732 ||| IDENTIFYING orange potion
  8733 | D:9      | 8733 ||| DROPPING scroll of fear.
  8745 | D:10     | Entered Level 10 of the Dungeon
  8753 | D:10     | 8753 ||| INVOKING Heroism.
  8755 | D:10     | Reached XP level 11. HP: 39/68 MP: 11/14
  8870 | D:10     | 8870 ||| Stepping ~*~*~tactically~*~*~ (hiding).
  8871 | D:10     | 8871 ||| Stepping ~*~*~tactically~*~*~ (hiding).
  9042 | D:10     | 9042 ||| INVOKING Heroism.
  9065 | D:10     | Found a bloodstained altar of Trog.
  9070 | D:10     | 9070 ||| Stepping ~*~*~tactically~*~*~ (stealth).
  9081 | D:10     | Found a stormy altar of Qazlal.
  9083 | D:10     | 9083 ||| Stepping ~*~*~tactically~*~*~ (stealth).
  9141 | D:10     | 9141 ||| INVOKING Heroism.
  9149 | D:10     | Reached skill level 8 in Armour
  9160 | D:10     | Found a staircase to the Lair.
  9366 | D:10     | Noticed Joseph
  9367 | D:10     | Noticed Harold
  9367 | D:10     | Noticed a +6 triple sword
  9367 | D:10     | Noticed Urug
  9368 | D:10     | 9368 ||| INVOKING Heroism.
  9372 | D:10     | Noticed a wizard
  9379 | D:10     | HP: 13/69 [Joseph/+0 quarterstaff (7)]
  9380 | D:10     | 9380 ||| READING 8 scrolls of teleportation.
  9381 | D:10     | HP: 3/69 [wizard/+0 long sword (6)]
  9382 | D:10     | Killed Urug
  9382 | D:10     | Received a gift from Okawaru
  9382 | D:10     | Killed Joseph
  9382 | D:10     | Killed Harold
  9383 | D:10     | Reached skill level 9 in Fighting
  9414 | D:10     | 9414 ||| READING 7 scrolls of teleportation.
  9415 | D:10     | 9415 ||| INVOKING Heroism.
  9441 | D:10     | 9441 ||| INVOKING Heroism.
  9447 | D:10     | Killed a wizard
  9658 | D:10     | Found a staircase to the Orcish Mines.
  9766 | D:10     | Found a glowing silver altar of Zin.
  9766 | D:10     | Found a glowing golden altar of the Shining One.
  9766 | D:10     | Found a white marble altar of Elyvilon.
 10043 | D:10     | 10043 ||| PLANNING LAIR
 10043 | D:10     | 10043 ||| UPGRADING to +0 kite shield.
 10053 | D:10     | 10053 ||| DROPPING +0 buckler.
 10054 | D:10     | 10054 ||| READING scroll labelled ISOEHUEREH.
 10098 | Lair:1   | Entered Level 1 of the Lair of Beasts
 10113 | Lair:1   | 10113 ||| INVOKING Heroism.
 10142 | Lair:1   | 10142 ||| INVOKING Heroism.
 10179 | Lair:1   | 10179 ||| Stepping ~*~*~tactically~*~*~ (stealth).
 10198 | Lair:1   | 10198 ||| INVOKING Heroism.
 10207 | Lair:1   | Reached skill level 6 in Invocations
 10283 | Lair:1   | 10283 ||| READING scroll of enchant armour.
 10283 | Lair:1   | 10283 ||| ENCHANTING +0 pair of boots.
 10307 | Lair:1   | Noticed a catoblepas
 10308 | Lair:1   | 10308 ||| INVOKING Heroism.
 10313 | Lair:1   | Reached skill level 6 in Shields
 10319 | Lair:1   | Killed a catoblepas
 10319 | Lair:1   | Reached ***** piety under Okawaru
 10414 | Lair:1   | 10414 ||| INVOKING Heroism.
 10463 | Lair:1   | 10463 ||| READING scroll of enchant weapon.
 10463 | Lair:1   | 10463 ||| ENCHANTING +1 spectral war axe.
 10548 | Lair:1   | 10548 ||| INVOKING Heroism.
 10598 | Lair:1   | 10598 ||| Stepping ~*~*~tactically~*~*~ (stealth).
 10599 | Lair:1   | 10599 ||| INVOKING Heroism.
 10605 | Lair:1   | Reached XP level 12. HP: 77/77 MP: 14/17
 10660 | Lair:1   | Received a gift from Okawaru
 10705 | Lair:1   | Noticed a four-headed hydra
 10706 | Lair:1   | 10706 ||| INVOKING Heroism.
 10707 | Lair:1   | 10707 ||| INVOKING Finesse.
 10709 | Lair:1   | 10709 ||| SWAPPING to +0 hand axe of flaming.
 10715 | Lair:1   | Killed a one-headed hydra
 10716 | Lair:1   | 10716 ||| SWAPPING to +2 spectral war axe.
 11160 | Lair:1   | 11160 ||| READING scroll labelled DAXTEIHUGG.
 11261 | Lair:1   | 11261 ||| DRINKING 2 inky potions.
 11262 | Lair:1   | 11262 ||| DROPPING potion of flight.
 11275 | Lair:2   | 11275 ||| INVOKING Heroism.
 11421 | Lair:2   | 11421 ||| Stepping ~*~*~tactically~*~*~ (stealth).
 11423 | Lair:2   | 11423 ||| Stepping ~*~*~tactically~*~*~ (stealth).
 11433 | Lair:2   | Reached skill level 9 in Invocations
 11444 | Lair:2   | Reached skill level 9 in Shields
 11446 | Lair:2   | Identified the +1 buckler of the Locust {Drain rPois
                  | Stlth+} (Okawaru gifted it to you on level 2 of the Lair of
                  | Beasts)
 11446 | Lair:2   | Received a gift from Okawaru
 11510 | Lair:2   | 11510 ||| INVOKING Heroism.
 11528 | Lair:2   | 11528 ||| Stepping ~*~*~tactically~*~*~ (stealth).
 11685 | Lair:2   | Noticed a five-headed hydra
 11686 | Lair:2   | 11686 ||| INVOKING Heroism.
 11688 | Lair:2   | 11688 ||| INVOKING Finesse.
 11692 | Lair:2   | 11692 ||| SWAPPING to +0 hand axe of flaming.
 11693 | Lair:2   | 11693 ||| Stepping ~*~*~tactically~*~*~ (water).
 11701 | Lair:2   | Killed a one-headed hydra
 11702 | Lair:2   | 11702 ||| SWAPPING to +2 spectral war axe.
 11746 | Lair:2   | Found a staircase to the Swamp.
 11747 | Lair:2   | 11747 ||| INVOKING Heroism.
 11754 | Lair:2   | Noticed a seven-headed hydra
 11755 | Lair:2   | 11755 ||| INVOKING Finesse.
 11757 | Lair:2   | 11757 ||| SWAPPING to +0 hand axe of flaming.
 11770 | Lair:2   | Killed a two-headed hydra
 11771 | Lair:2   | 11771 ||| SWAPPING to +2 spectral war axe.
 11898 | Lair:2   | Noticed a boulder beetle
 11900 | Lair:2   | 11900 ||| INVOKING Heroism.
 11918 | Lair:2   | Killed a boulder beetle
 12118 | Lair:2   | 12118 ||| Stepping ~*~*~tactically~*~*~ (stealth).
 12120 | Lair:2   | 12120 ||| INVOKING Heroism.
 12146 | Lair:2   | Reached skill level 12 in Axes
 12170 | Lair:2   | Found a staircase to the Snake Pit.
 12459 | Lair:3   | 12459 ||| Stepping ~*~*~tactically~*~*~ (stealth).
 12462 | Lair:3   | 12462 ||| INVOKING Heroism.
 12495 | Lair:3   | Reached XP level 13. HP: 66/81 MP: 20/20
 12570 | Lair:3   | 12570 ||| Stepping ~*~*~tactically~*~*~ (hiding).
 12572 | Lair:3   | 12572 ||| Stepping ~*~*~tactically~*~*~ (hiding).
 12574 | Lair:3   | 12574 ||| Stepping ~*~*~tactically~*~*~ (hiding).
 12575 | Lair:3   | 12575 ||| INVOKING Heroism.
 12584 | Lair:3   | Reached skill level 9 in Armour
 12630 | Lair:3   | 12630 ||| Stepping ~*~*~tactically~*~*~ (stealth).
 12634 | Lair:3   | 12634 ||| INVOKING Heroism.
 12665 | Lair:3   | Noticed Rupert
 12669 | Lair:3   | Paralysed by Rupert for 5 turns
 12674 | Lair:3   | 12674 ||| INVOKING Heroism.
 12675 | Lair:3   | 12675 ||| DRINKING 12 potions of curing.
 12675 | Lair:3   | 12675 ||| (to cure confusion)
 12677 | Lair:3   | Killed Rupert
 12726 | Lair:3   | 12726 ||| Stepping ~*~*~tactically~*~*~ (stealth).
 12766 | Lair:3   | 12766 ||| INVOKING Heroism.
 12771 | Lair:3   | 12771 ||| SWAPPING to +0 hand axe of flaming.
 12779 | Lair:3   | 12779 ||| SWAPPING to +2 spectral war axe.
 13066 | Lair:3   | 13066 ||| INVOKING Heroism.
 13168 | Lair:3   | 13168 ||| Stepping ~*~*~tactically~*~*~ (stealth).
 13170 | Lair:3   | 13170 ||| INVOKING Heroism.
 13175 | Lair:3   | 13175 ||| SWAPPING to +0 hand axe of flaming.
 13189 | Lair:3   | 13189 ||| SWAPPING to +2 spectral war axe.
 13264 | Lair:3   | 13264 ||| INVOKING Heroism.
 13278 | Lair:3   | Received a gift from Okawaru
 13426 | Lair:3   | 13426 ||| INVOKING Heroism.
 13588 | Lair:3   | 13588 ||| DROPPING +1 pair of gloves.
 13627 | Lair:4   | 13627 ||| INVOKING Heroism.
 13632 | Lair:4   | 13632 ||| SWAPPING to +0 hand axe of flaming.
 13640 | Lair:4   | 13640 ||| SWAPPING to +2 spectral war axe.
 13717 | Lair:4   | 13717 ||| Stepping ~*~*~tactically~*~*~ (stealth).
 13718 | Lair:4   | 13718 ||| INVOKING Heroism.
 13820 | Lair:4   | 13820 ||| Stepping ~*~*~tactically~*~*~ (stealth).
 13825 | Lair:4   | 13825 ||| Stepping ~*~*~tactically~*~*~ (stealth).
 13828 | Lair:4   | 13828 ||| INVOKING Heroism.
 13829 | Lair:4   | 13829 ||| INVOKING Finesse.
 13833 | Lair:4   | Reached skill level 10 in Armour
 13836 | Lair:4   | 13836 ||| SWAPPING to +0 hand axe of flaming.
 13845 | Lair:4   | 13845 ||| SWAPPING to +2 spectral war axe.
 13940 | Lair:4   | 13940 ||| INVOKING Heroism.
 14069 | Lair:4   | Found a runed translucent door.
 14069 | Lair:4   | Found a shimmering altar of Xom.
 14069 | Lair:4   | Noticed qw's ghost (journeyman GrFi)
 14070 | Lair:4   | Identified the +10 dire flail "Adigor" {chaos, rCorr
                  | Stlth+}
 14142 | Lair:4   | 14142 ||| INVOKING Heroism.
 14171 | Lair:4   | Found a staircase to the Slime Pits.
 14201 | Lair:4   | 14201 ||| INVOKING Heroism.
 14523 | Lair:5   | Entered Level 5 of the Lair of Beasts
 14524 | Lair:5   | 14524 ||| PLANNING GAUNTLET
 14528 | Lair:5   | Received a gift from Okawaru
 14529 | Lair:5   | Gained mutation: Your large and strong wings let you fly.
                  | [Gargoyle growth]
 14529 | Lair:5   | Reached XP level 14. HP: 85/88 MP: 21/21
 14539 | Lair:5   | 14539 ||| FLEEEEING.
 14540 | Lair:5   | 14540 ||| STAIRDANCE
 14636 | Lair:5   | 14636 ||| STAIRDANCE
 14792 | Lair:5   | 14792 ||| Stepping ~*~*~tactically~*~*~ (stealth).
 14799 | Lair:5   | 14799 ||| Stepping ~*~*~tactically~*~*~ (stealth).
 14815 | Lair:5   | 14815 ||| Stepping ~*~*~tactically~*~*~ (stealth).
 14927 | Lair:5   | 14927 ||| Stepping ~*~*~tactically~*~*~ (stealth).
 14979 | Lair:5   | 14979 ||| Stepping ~*~*~tactically~*~*~ (stealth).
 14980 | Lair:5   | 14980 ||| Stepping ~*~*~tactically~*~*~ (stealth).
 14986 | Lair:5   | 14986 ||| Stepping ~*~*~tactically~*~*~ (hiding).
 14993 | Lair:5   | 14993 ||| FLEEEEING.
 14994 | Lair:5   | 14994 ||| FLEEEEING.
 14995 | Lair:5   | 14995 ||| FLEEEEING.
 14996 | Lair:5   | 14996 ||| FLEEEEING.
 14997 | Lair:5   | 14997 ||| FLEEEEING.
 15000 | Lair:5   | 15000 ||| INVOKING Heroism.
 15076 | Lair:5   | 15076 ||| Stepping ~*~*~tactically~*~*~ (stealth).
 15081 | Lair:5   | 15081 ||| INVOKING Heroism.
 15091 | Lair:5   | 15091 ||| RIP GAUNTLET
 15095 | Lair:5   | 15095 ||| PLANNING LAIR
 15124 | Lair:5   | 15124 ||| INVOKING Heroism.
 15158 | Lair:5   | Identified the +4 double sword of the Mauling Vulture
                  | {flame, rN+ Str+2} (Okawaru gifted it to you on level 5 of
                  | the Lair of Beasts)
 15158 | Lair:5   | Received a gift from Okawaru
 15165 | Lair:5   | 15165 ||| Stepping ~*~*~tactically~*~*~ (stealth).
 15189 | Lair:5   | 15189 ||| Stepping ~*~*~tactically~*~*~ (stealth).
 15274 | Lair:5   | 15274 ||| INVOKING Heroism.
 15282 | Lair:5   | Reached skill level 12 in Shields
 15307 | Lair:5   | 15307 ||| Stepping ~*~*~tactically~*~*~ (stealth).
 15318 | Lair:5   | 15318 ||| INVOKING Heroism.
 15366 | Lair:5   | 15366 ||| Stepping ~*~*~tactically~*~*~ (stealth).
 15367 | Lair:5   | 15367 ||| Stepping ~*~*~tactically~*~*~ (stealth).
 15372 | Lair:5   | 15372 ||| Stepping ~*~*~tactically~*~*~ (stealth).
 15404 | Lair:5   | 15404 ||| Stepping ~*~*~tactically~*~*~ (hiding).
 15456 | Lair:5   | 15456 ||| Stepping ~*~*~tactically~*~*~ (stealth).
 15476 | Lair:5   | 15476 ||| Stepping ~*~*~tactically~*~*~ (stealth).
 15492 | Lair:5   | 15492 ||| Stepping ~*~*~tactically~*~*~ (stealth).
 15551 | Lair:5   | 15551 ||| READING 2 scrolls of enchant weapon.
 15551 | Lair:5   | 15551 ||| ENCHANTING +2 spectral war axe.
 15552 | Lair:5   | 15552 ||| READING scroll of enchant weapon.
 15552 | Lair:5   | 15552 ||| ENCHANTING +3 spectral war axe.
 15588 | Lair:5   | 15588 ||| INVOKING Heroism.
 15589 | Lair:5   | 15589 ||| INVOKING Finesse.
 15675 | Lair:5   | 15675 ||| Stepping ~*~*~tactically~*~*~ (stealth).
 15676 | Lair:5   | 15676 ||| Stepping ~*~*~tactically~*~*~ (stealth).
 15678 | Lair:5   | 15678 ||| Stepping ~*~*~tactically~*~*~ (hiding).
 15787 | Lair:5   | Received a gift from Okawaru
 15812 | Lair:5   | 15812 ||| FLEEEEING.
 15816 | Lair:5   | Reached skill level 15 in Axes
 15860 | Lair:5   | 15860 ||| Stepping ~*~*~tactically~*~*~ (stealth).
 15923 | Lair:5   | 15923 ||| Stepping ~*~*~tactically~*~*~ (hiding).
 15924 | Lair:5   | 15924 ||| Stepping ~*~*~tactically~*~*~ (hiding).
 16170 | Lair:5   | Identified the +3 hand axe of the Hierophant {flame, +Blink
                  | rN+} (Okawaru gifted it to you on level 5 of the Lair of
                  | Beasts)
 16170 | Lair:5   | Received a gift from Okawaru
 16214 | Lair:5   | 16214 ||| DROPPING +0 hand axe of flaming.
 16384 | Lair:5   | 16384 ||| PLANNING D:1-11
 16384 | Lair:5   | 16384 ||| READING 10 scrolls of identify.
 16384 | Lair:5   | 16384 ||| IDENTIFYING dark potion
 16385 | Lair:5   | 16385 ||| DROPPING potion of brilliance.
 16517 | D:11     | Found a white marble altar of Elyvilon.
 16530 | D:11     | Noticed Sonja
 16531 | D:11     | 16531 ||| Stepping ~*~*~tactically~*~*~ (stealth).
 16539 | D:11     | 16539 ||| Stepping ~*~*~tactically~*~*~ (stealth).
 16542 | D:11     | 16542 ||| Stepping ~*~*~tactically~*~*~ (stealth).
 16587 | D:11     | 16587 ||| Stepping ~*~*~tactically~*~*~ (stealth).
 16593 | D:11     | Reached skill level 11 in Armour
 16642 | D:11     | Identified the +0 kite shield of Context {Regen+}
 16660 | D:11     | 16660 ||| INVOKING Finesse.
 16663 | D:11     | 16663 ||| INVOKING Heroism.
 16666 | D:11     | Killed Sonja
 16667 | D:11     | 16667 ||| FLEEEEING.
 16668 | D:11     | 16668 ||| FLEEEEING.
 16669 | D:11     | 16669 ||| FLEEEEING.
 16674 | D:11     | 16674 ||| FLEEEEING.
 16675 | D:11     | 16675 ||| FLEEEEING.
 16676 | D:11     | 16676 ||| FLEEEEING.
 16678 | D:11     | 16678 ||| FLEEEEING.
 16679 | D:11     | 16679 ||| FLEEEEING.
 16680 | D:11     | 16680 ||| FLEEEEING.
 16681 | D:11     | 16681 ||| FLEEEEING.
 16682 | D:11     | 16682 ||| FLEEEEING.
 16683 | D:11     | 16683 ||| FLEEEEING.
 16684 | D:11     | 16684 ||| FLEEEEING.
 16685 | D:11     | 16685 ||| FLEEEEING.
 16686 | D:11     | 16686 ||| FLEEEEING.
 16687 | D:11     | 16687 ||| FLEEEEING.
 16688 | D:11     | 16688 ||| FLEEEEING.
 16689 | D:11     | 16689 ||| FLEEEEING.
 16690 | D:11     | 16690 ||| FLEEEEING.
 16691 | D:11     | 16691 ||| FLEEEEING.
 16692 | D:11     | 16692 ||| FLEEEEING.
 16693 | D:11     | 16693 ||| FLEEEEING.
 16694 | D:11     | 16694 ||| FLEEEEING.
 16695 | D:11     | 16695 ||| FLEEEEING.
 16696 | D:11     | 16696 ||| FLEEEEING.
 16697 | D:11     | 16697 ||| STAIRDANCE
 16855 | D:10     | 16855 ||| UPGRADING to +0 kite shield of Context {Regen+}.
 16865 | D:10     | 16865 ||| DROPPING +0 kite shield.
 16918 | D:11     | 16918 ||| Stepping ~*~*~tactically~*~*~ (hiding).
 16922 | D:11     | 16922 ||| Stepping ~*~*~tactically~*~*~ (hiding).
 16981 | D:11     | 16981 ||| Stepping ~*~*~tactically~*~*~ (hiding).
 16990 | D:11     | 16990 ||| STAIRDANCE
 16999 | D:10     | 16999 ||| DROPPING +1 pair of boots.
 17121 | D:11     | 17121 ||| Stepping ~*~*~tactically~*~*~ (hiding).
 17122 | D:11     | 17122 ||| Stepping ~*~*~tactically~*~*~ (hiding).
 17205 | D:11     | 17205 ||| PLANNING D
 17252 | D:12     | 17252 ||| INVOKING Heroism.
 17354 | D:12     | 17354 ||| Stepping ~*~*~tactically~*~*~ (stealth).
 17357 | D:12     | 17357 ||| Stepping ~*~*~tactically~*~*~ (stealth).
 17359 | D:12     | 17359 ||| Stepping ~*~*~tactically~*~*~ (hiding).
 17386 | D:12     | Reached XP level 15. HP: 77/96 MP: 22/22
 17391 | D:12     | 17391 ||| INVOKING Heroism.
 17393 | D:12     | Reached skill level 12 in Fighting
 17434 | D:12     | 17434 ||| Stepping ~*~*~tactically~*~*~ (stealth).
 17435 | D:12     | 17435 ||| Stepping ~*~*~tactically~*~*~ (stealth).
 17436 | D:12     | 17436 ||| Stepping ~*~*~tactically~*~*~ (stealth).
 17552 | D:12     | 17552 ||| Stepping ~*~*~tactically~*~*~ (stealth).
 17553 | D:12     | 17553 ||| Stepping ~*~*~tactically~*~*~ (stealth).
 17725 | D:12     | 17725 ||| INVOKING Heroism.
 17925 | D:12     | 17925 ||| READING scroll of enchant armour.
 17925 | D:12     | 17925 ||| ENCHANTING +1 pair of boots.
 17932 | D:12     | 17932 ||| Stepping ~*~*~tactically~*~*~ (stealth).
 17934 | D:12     | 17934 ||| Stepping ~*~*~tactically~*~*~ (hiding).
 18021 | D:12     | 18021 ||| READING 10 scrolls of identify.
 18021 | D:12     | 18021 ||| IDENTIFYING brown potion
 18062 | D:13     | Received a gift from Okawaru
 18071 | D:13     | 18071 ||| INVOKING Heroism.
 18076 | D:13     | 18076 ||| Stepping ~*~*~tactically~*~*~ (stealth).
 18085 | D:13     | 18085 ||| Stepping ~*~*~tactically~*~*~ (stealth).
 18086 | D:13     | 18086 ||| INVOKING Finesse.
 18088 | D:13     | 18088 ||| SWAPPING to +3 hand axe of the Hierophant {flame,
                  | +Blink rN+}.
 18096 | D:13     | 18096 ||| SWAPPING to +4 spectral war axe.
 18190 | D:13     | 18190 ||| Stepping ~*~*~tactically~*~*~ (hiding).
 18221 | D:13     | 18221 ||| READING scroll of enchant weapon.
 18221 | D:13     | 18221 ||| ENCHANTING +4 spectral war axe.
 18258 | D:13     | 18258 ||| FLEEEEING.
 18259 | D:13     | 18259 ||| FLEEEEING.
 18260 | D:13     | 18260 ||| FLEEEEING.
 18261 | D:13     | 18261 ||| STAIRDANCE
 18375 | D:13     | 18375 ||| Stepping ~*~*~tactically~*~*~ (hiding).
 18376 | D:13     | 18376 ||| Stepping ~*~*~tactically~*~*~ (hiding).
 18377 | D:13     | 18377 ||| Stepping ~*~*~tactically~*~*~ (hiding).
 18379 | D:13     | 18379 ||| Stepping ~*~*~tactically~*~*~ (hiding).
 18387 | D:13     | 18387 ||| Stepping ~*~*~tactically~*~*~ (hiding).
 18389 | D:13     | 18389 ||| Stepping ~*~*~tactically~*~*~ (hiding).
 18421 | D:13     | 18421 ||| Stepping ~*~*~tactically~*~*~ (stealth).
 18422 | D:13     | 18422 ||| Stepping ~*~*~tactically~*~*~ (stealth).
 18482 | D:13     | 18482 ||| Stepping ~*~*~tactically~*~*~ (hiding).
 18491 | D:13     | 18491 ||| INVOKING Heroism.
 18642 | D:13     | 18642 ||| Stepping ~*~*~tactically~*~*~ (hiding).
 18649 | D:13     | 18649 ||| Stepping ~*~*~tactically~*~*~ (hiding).
 18697 | D:13     | 18697 ||| Stepping ~*~*~tactically~*~*~ (hiding).
 18699 | D:13     | 18699 ||| Stepping ~*~*~tactically~*~*~ (hiding).
 18700 | D:13     | 18700 ||| Stepping ~*~*~tactically~*~*~ (hiding).
 18882 | D:13     | Identified the staff of cold "Neycriko" {rC+ Str+2}
 19110 | D:13     | 19110 ||| UPGRADING to +0 cloak.
 19161 | D:14     | 19161 ||| Stepping ~*~*~tactically~*~*~ (hiding).
 19285 | D:14     | 19285 ||| Stepping ~*~*~tactically~*~*~ (stealth).
 19314 | D:14     | 19314 ||| Stepping ~*~*~tactically~*~*~ (hiding).
 19451 | D:14     | 19451 ||| Stepping ~*~*~tactically~*~*~ (hiding).
 19452 | D:14     | 19452 ||| Stepping ~*~*~tactically~*~*~ (hiding).
 19456 | D:14     | 19456 ||| Stepping ~*~*~tactically~*~*~ (hiding).
 19703 | D:14     | 19703 ||| FLEEEEING.
 19704 | D:14     | 19704 ||| FLEEEEING.
 19705 | D:14     | 19705 ||| FLEEEEING.
 19706 | D:14     | 19706 ||| FLEEEEING.
 19707 | D:14     | 19707 ||| FLEEEEING.
 19708 | D:14     | 19708 ||| FLEEEEING.
 19709 | D:14     | 19709 ||| FLEEEEING.
 19833 | D:14     | Received a gift from Okawaru
 19849 | D:14     | 19849 ||| Stepping ~*~*~tactically~*~*~ (hiding).
 19886 | D:14     | Found a portal to a secret trove of treasure.
 19958 | D:14     | Found a gate to the Vaults.
 19959 | D:14     | 19959 ||| Stepping ~*~*~tactically~*~*~ (stealth).
 19961 | D:14     | 19961 ||| Stepping ~*~*~tactically~*~*~ (stealth).
 19973 | D:14     | Reached skill level 12 in Armour
 19973 | D:14     | 19973 ||| INVOKING Heroism.
 19978 | D:14     | Received a gift from Okawaru
 19984 | D:14     | HP: 24/96 [vault guard/+2 bardiche (5)]
 19985 | D:14     | 19985 ||| READING 8 scrolls of teleportation.
 19986 | D:14     | 19986 ||| DRINKING 3 potions of heal wounds.
 19988 | D:14     | 19988 ||| DRINKING 2 potions of heal wounds.
 20139 | D:14     | Identified the quicksilver dragon scales "Lygih" {Rampage
                  | Will+ SInv} (Okawaru gifted it to you on level 14 of the
                  | Dungeon)
 20139 | D:14     | Received a gift from Okawaru
 20172 | D:14     | 20172 ||| DROPPING +2 chain mail of willpower.
 20203 | D:15     | Entered Level 15 of the Dungeon
 20309 | D:15     | 20309 ||| Stepping ~*~*~tactically~*~*~ (hiding).
 20328 | D:15     | 20328 ||| INVOKING Heroism.
 20329 | D:15     | 20329 ||| Stepping ~*~*~tactically~*~*~ (hiding).
 20330 | D:15     | 20330 ||| Stepping ~*~*~tactically~*~*~ (hiding).
 20348 | D:15     | 20348 ||| Stepping ~*~*~tactically~*~*~ (hiding).
 20359 | D:15     | Reached skill level 3 in Dodging
 20370 | D:15     | Identified a scroll of acquirement
 20377 | D:15     | 20377 ||| READING scroll of acquirement.
 20377 | D:15     | 20377 ||| ACQUIRING +2 tower shield of cold resistance
 20377 | D:15     | Acquired a +2 tower shield of cold resistance
 20379 | D:15     | 20379 ||| UPGRADING to +2 tower shield of cold resistance.
 20389 | D:15     | 20389 ||| DROPPING +0 kite shield of Context {Regen+}.
 20395 | D:15     | Found a shadowy altar of Dithmenos.
 20412 | D:15     | 20412 ||| INVOKING Heroism.
 20506 | D:15     | 20506 ||| Stepping ~*~*~tactically~*~*~ (hiding).
 20657 | D:15     | 20657 ||| FLEEEEING.
 20663 | D:15     | 20663 ||| FLEEEEING.
 20664 | D:15     | 20664 ||| FLEEEEING.
 20665 | D:15     | 20665 ||| FLEEEEING.
 20666 | D:15     | 20666 ||| FLEEEEING.
 20673 | D:15     | 20673 ||| FLEEEEING.
 20674 | D:15     | 20674 ||| FLEEEEING.
 20675 | D:15     | 20675 ||| FLEEEEING.
 20676 | D:15     | 20676 ||| FLEEEEING.
 20677 | D:15     | 20677 ||| FLEEEEING.
 20678 | D:15     | 20678 ||| FLEEEEING.
 20679 | D:15     | 20679 ||| FLEEEEING.
 20681 | D:15     | 20681 ||| FLEEEEING.
 20682 | D:15     | 20682 ||| FLEEEEING.
 20683 | D:15     | 20683 ||| FLEEEEING.
 20684 | D:15     | 20684 ||| FLEEEEING.
 20685 | D:15     | 20685 ||| FLEEEEING.
 20686 | D:15     | 20686 ||| FLEEEEING.
 20691 | D:15     | 20691 ||| FLEEEEING.
 20692 | D:15     | 20692 ||| FLEEEEING.
 20693 | D:15     | 20693 ||| FLEEEEING.
 20694 | D:15     | 20694 ||| FLEEEEING.
 20699 | D:15     | 20699 ||| FLEEEEING.
 20700 | D:15     | 20700 ||| FLEEEEING.
 20701 | D:15     | 20701 ||| FLEEEEING.
 20702 | D:15     | 20702 ||| FLEEEEING.
 20706 | D:15     | 20706 ||| STAIRDANCE
 20733 | D:14     | 20733 ||| DROPPING amulet of the acrobat.
 20912 | D:15     | Found a staircase to the Depths.
 21129 | D:15     | 21129 ||| PLANNING ORC
 21245 | Orc:1    | Entered Level 1 of the Orcish Mines
 21397 | Orc:1    | 21397 ||| Stepping ~*~*~tactically~*~*~ (hiding).
 21703 | Orc:1    | 21703 ||| UPGRADING to +3 plate armour.
 21713 | Orc:1    | 21713 ||| DROPPING +0 plate armour.
 21723 | Orc:2    | Entered Level 2 of the Orcish Mines
 21736 | Orc:2    | 21736 ||| Stepping ~*~*~tactically~*~*~ (hiding).
 21741 | Orc:2    | 21741 ||| INVOKING Heroism.
 21745 | Orc:2    | 21745 ||| Stepping ~*~*~tactically~*~*~ (hiding).
 21747 | Orc:2    | 21747 ||| Stepping ~*~*~tactically~*~*~ (hiding).
 21748 | Orc:2    | 21748 ||| Stepping ~*~*~tactically~*~*~ (hiding).
 21803 | Orc:2    | 21803 ||| INVOKING Heroism.
 21815 | Orc:2    | Reached XP level 16. HP: 26/101 MP: 21/23
 21815 | Orc:2    | HP: 23/101 [two-headed ogre/+0 giant club (3)]
 21816 | Orc:2    | 21816 ||| READING 7 scrolls of teleportation.
 21817 | Orc:2    | 21817 ||| DRINKING potion of heal wounds.
 21818 | Orc:2    | Received a gift from Okawaru
 21819 | Orc:2    | Found a staircase to the Elven Halls.
 21837 | Orc:2    | 21837 ||| INVOKING Heroism.
 21863 | Orc:2    | 21863 ||| Stepping ~*~*~tactically~*~*~ (stealth).
 21870 | Orc:2    | 21870 ||| Stepping ~*~*~tactically~*~*~ (stealth).
 21905 | Orc:2    | 21905 ||| INVOKING Heroism.
 21911 | Orc:2    | Reached skill level 15 in Shields
 22098 | Orc:2    | Received a gift from Okawaru
 22105 | Orc:2    | Reached ****** piety under Okawaru
 22143 | Orc:2    | 22143 ||| INVOKING Heroism.
 22378 | Orc:2    | Received a gift from Okawaru
 22382 | Orc:2    | Found Dudetor's Magic Scroll Emporium.
 22382 | Orc:2    | Found Cim Wel's Jewellery Boutique.
 22382 | Orc:2    | Found Kaahuaf's Assorted Antiques.
 22382 | Orc:2    | Found Irruzunk's Armour Shoppe.
 22396 | Orc:2    | 22396 ||| BUYING +4 ring of protection (504 gold).
 22396 | Orc:2    | Bought a +4 ring of protection for 504 gold pieces
 22396 | Orc:2    | 22396 ||| BUYING ring of Nypsaphu {rElec Will+ EV+5 SInv}
                  | (837 gold).
 22396 | Orc:2    | Bought the ring of Nypsaphu {rElec Will+ EV+5 SInv} for 837
                  | gold pieces
 22396 | Orc:2    | 22396 ||| BUYING ring of ice (350 gold).
 22396 | Orc:2    | Bought a ring of ice for 350 gold pieces
 22396 | Orc:2    | 22396 ||| SHOPLISTING ring of protection from cold (350
                  | gold, have 193).
 22396 | Orc:2    | 22396 ||| SHOPLISTING ring of resist corrosion (280 gold,
                  | have 193).
 22398 | Orc:2    | 22398 ||| SHOPLISTING potion of cancellation (248 gold,
                  | have 193).
 22398 | Orc:2    | 22398 ||| SHOPLISTING potion of haste (310 gold, have 193).
 22399 | Orc:2    | 22399 ||| BUYING scroll of enchant weapon (135 gold).
 22399 | Orc:2    | Bought a scroll of enchant weapon for 135 gold pieces
 22399 | Orc:2    | 22399 ||| BUYING scroll of teleportation (54 gold).
 22399 | Orc:2    | Bought a scroll of teleportation for 54 gold pieces
 22399 | Orc:2    | 22399 ||| SHOPLISTING scroll of teleportation (54 gold,
                  | have 4).
 22399 | Orc:2    | 22399 ||| READING scroll of enchant weapon.
 22399 | Orc:2    | 22399 ||| ENCHANTING +5 spectral war axe.
 22494 | Orc:2    | 22494 ||| PLANNING SWAMP:1-3
 22494 | Orc:2    | 22494 ||| DROPPING ring of willpower.
 22495 | Orc:2    | 22495 ||| DROPPING +4 ring of protection.
 22496 | Orc:2    | 22496 ||| UPGRADING to ring of Nypsaphu {rElec Will+ EV+5
                  | SInv}.
 22498 | Orc:2    | 22498 ||| DROPPING ring of see invisible.
 22613 | Swamp:1  | Entered Level 1 of the Swamp
 22671 | Swamp:1  | 22671 ||| Stepping ~*~*~tactically~*~*~ (cloud).
 22720 | Swamp:1  | 22720 ||| INVOKING Heroism.
 22721 | Swamp:1  | 22721 ||| SWAPPING to +3 hand axe of the Hierophant {flame,
                  | +Blink rN+}.
 22726 | Swamp:1  | 22726 ||| SWAPPING to +6 spectral war axe.
 22775 | Swamp:1  | 22775 ||| FLEEEEING.
 22776 | Swamp:1  | 22776 ||| FLEEEEING.
 22777 | Swamp:1  | 22777 ||| FLEEEEING.
 22778 | Swamp:1  | 22778 ||| FLEEEEING.
 22779 | Swamp:1  | 22779 ||| FLEEEEING.
 22780 | Swamp:1  | 22780 ||| FLEEEEING.
 22781 | Swamp:1  | 22781 ||| FLEEEEING.
 22784 | Swamp:1  | 22784 ||| FLEEEEING.
 22785 | Swamp:1  | 22785 ||| FLEEEEING.
 22786 | Swamp:1  | 22786 ||| FLEEEEING.
 22787 | Swamp:1  | 22787 ||| FLEEEEING.
 22788 | Swamp:1  | 22788 ||| FLEEEEING.
 22789 | Swamp:1  | 22789 ||| FLEEEEING.
 22790 | Swamp:1  | 22790 ||| FLEEEEING.
 22791 | Swamp:1  | 22791 ||| FLEEEEING.
 22792 | Swamp:1  | 22792 ||| FLEEEEING.
 22793 | Swamp:1  | 22793 ||| FLEEEEING.
 22794 | Swamp:1  | 22794 ||| INVOKING Heroism.
 22795 | Swamp:1  | 22795 ||| SWAPPING to +3 hand axe of the Hierophant {flame,
                  | +Blink rN+}.
 22804 | Swamp:1  | 22804 ||| SWAPPING to +6 spectral war axe.
 22932 | Swamp:1  | 22932 ||| Stepping ~*~*~tactically~*~*~ (stealth).
 22933 | Swamp:1  | 22933 ||| Stepping ~*~*~tactically~*~*~ (stealth).
 22938 | Swamp:1  | 22938 ||| Stepping ~*~*~tactically~*~*~ (stealth).
 22942 | Swamp:1  | 22942 ||| INVOKING Heroism.
 22989 | Swamp:1  | Received a gift from Okawaru
 23008 | Swamp:1  | 23008 ||| DROPPING +4 broad axe of electrocution.
 23131 | Swamp:1  | 23131 ||| INVOKING Heroism.
 23132 | Swamp:1  | 23132 ||| Stepping ~*~*~tactically~*~*~ (hiding).
 23133 | Swamp:1  | 23133 ||| Stepping ~*~*~tactically~*~*~ (hiding).
 23246 | Swamp:1  | 23246 ||| Stepping ~*~*~tactically~*~*~ (hiding).
 23247 | Swamp:1  | 23247 ||| Stepping ~*~*~tactically~*~*~ (hiding).
 23250 | Swamp:1  | 23250 ||| Stepping ~*~*~tactically~*~*~ (hiding).
 23362 | Swamp:1  | 23362 ||| READING scroll of enchant armour.
 23362 | Swamp:1  | 23362 ||| ENCHANTING +0 cloak.
 23386 | Swamp:1  | 23386 ||| INVOKING Heroism.
 23557 | Swamp:1  | 23557 ||| DROPPING amulet of regeneration.
 23696 | Swamp:2  | 23696 ||| Stepping ~*~*~tactically~*~*~ (hiding).
 23699 | Swamp:2  | 23699 ||| INVOKING Heroism.
 23718 | Swamp:2  | 23718 ||| INVOKING Finesse.
 23721 | Swamp:2  | 23721 ||| SWAPPING to +3 hand axe of the Hierophant {flame,
                  | +Blink rN+}.
 23732 | Swamp:2  | 23732 ||| SWAPPING to +6 spectral war axe.
 23804 | Swamp:2  | 23804 ||| INVOKING Heroism.
 23805 | Swamp:2  | 23805 ||| INVOKING Finesse.
 23808 | Swamp:2  | 23808 ||| SWAPPING to +3 hand axe of the Hierophant {flame,
                  | +Blink rN+}.
 23815 | Swamp:2  | 23815 ||| SWAPPING to +6 spectral war axe.
 23885 | Swamp:2  | 23885 ||| Stepping ~*~*~tactically~*~*~ (stealth).
 23894 | Swamp:2  | 23894 ||| INVOKING Heroism.
 24011 | Swamp:2  | Reached skill level 6 in Throwing
 24056 | Swamp:2  | 24056 ||| INVOKING Heroism.
 24067 | Swamp:2  | Received a gift from Okawaru
 24069 | Swamp:2  | 24069 ||| INVOKING Finesse.
 24330 | Swamp:3  | 24330 ||| Stepping ~*~*~tactically~*~*~ (stealth).
 24362 | Swamp:3  | 24362 ||| Stepping ~*~*~tactically~*~*~ (hiding).
 24429 | Swamp:3  | Noticed a thorn hunter
 24467 | Swamp:3  | 24467 ||| Stepping ~*~*~tactically~*~*~ (hiding).
 24584 | Swamp:3  | 24584 ||| Stepping ~*~*~tactically~*~*~ (stealth).
 24599 | Swamp:3  | 24599 ||| INVOKING Heroism.
 24600 | Swamp:3  | 24600 ||| INVOKING Finesse.
 24611 | Swamp:3  | Killed a thorn hunter
 24680 | Swamp:3  | 24680 ||| Stepping ~*~*~tactically~*~*~ (hiding).
 24681 | Swamp:3  | 24681 ||| Stepping ~*~*~tactically~*~*~ (hiding).
 24711 | Swamp:3  | Noticed Louise
 24712 | Swamp:3  | 24712 ||| Stepping ~*~*~tactically~*~*~ (stealth).
 24717 | Swamp:3  | 24717 ||| INVOKING Heroism.
 24726 | Swamp:3  | Killed Louise
 24726 | Swamp:3  | Received a gift from Okawaru
 24797 | Swamp:3  | 24797 ||| Stepping ~*~*~tactically~*~*~ (hiding).
 24799 | Swamp:3  | 24799 ||| INVOKING Heroism.
 24803 | Swamp:3  | 24803 ||| Stepping ~*~*~tactically~*~*~ (stealth).
 24812 | Swamp:3  | 24812 ||| Stepping ~*~*~tactically~*~*~ (stealth).
 24815 | Swamp:3  | 24815 ||| Stepping ~*~*~tactically~*~*~ (stealth).
 24822 | Swamp:3  | 24822 ||| SWAPPING to +3 hand axe of the Hierophant {flame,
                  | +Blink rN+}.
 24829 | Swamp:3  | 24829 ||| SWAPPING to +6 spectral war axe.
 25177 | Swamp:3  | 25177 ||| INVOKING Heroism.
 25194 | Swamp:3  | 25194 ||| PLANNING SNAKE:1-3
 25320 | Snake:1  | Entered Level 1 of the Snake Pit
 25330 | Snake:1  | Reached XP level 17. HP: 108/108 MP: 24/24
 25472 | Snake:1  | Identified the ring of Loeteg {rPois Int+6 Dex+5}
 25839 | Snake:1  | 25839 ||| Stepping ~*~*~tactically~*~*~ (hiding).
 25844 | Snake:1  | 25844 ||| INVOKING Heroism.
 25980 | Snake:1  | Reached skill level 13 in Armour
 26067 | Snake:1  | 26067 ||| Stepping ~*~*~tactically~*~*~ (hiding).
 26070 | Snake:1  | 26070 ||| Stepping ~*~*~tactically~*~*~ (hiding).
 26190 | Snake:1  | Received a gift from Okawaru
 26354 | Snake:1  | 26354 ||| Stepping ~*~*~tactically~*~*~ (hiding).
 26361 | Snake:1  | 26361 ||| Stepping ~*~*~tactically~*~*~ (hiding).
 26383 | Snake:1  | Received a gift from Okawaru
 26454 | Snake:1  | 26454 ||| DROPPING ring of Loeteg {rPois Int+6 Dex+5}.
 26455 | Snake:1  | 26455 ||| READING 18 scrolls of identify.
 26455 | Snake:1  | 26455 ||| IDENTIFYING fizzy clear potion
 26456 | Snake:1  | 26456 ||| DROPPING potion of berserk rage.
 26539 | Snake:2  | 26539 ||| Stepping ~*~*~tactically~*~*~ (hiding).
 26669 | Snake:2  | 26669 ||| Stepping ~*~*~tactically~*~*~ (hiding).
 26689 | Snake:2  | Received a gift from Okawaru
 26729 | Snake:2  | 26729 ||| Stepping ~*~*~tactically~*~*~ (hiding).
 26736 | Snake:2  | 26736 ||| Stepping ~*~*~tactically~*~*~ (hiding).
 26742 | Snake:2  | Received a gift from Okawaru
 26895 | Snake:2  | Found Iteriho's Antique Weapon Emporium.
 26911 | Snake:2  | 26911 ||| READING scroll of enchant armour.
 26911 | Snake:2  | 26911 ||| ENCHANTING +1 cloak.
 27058 | Snake:2  | Found Edalapel's General Store.
 27061 | Snake:2  | 27061 ||| Stepping ~*~*~tactically~*~*~ (hiding).
 27117 | Snake:2  | 27117 ||| BUYING potion of attraction (60 gold).
 27117 | Snake:2  | Bought a potion of attraction for 60 gold pieces
 27117 | Snake:2  | 27117 ||| BUYING potion of curing (60 gold).
 27117 | Snake:2  | Bought a potion of curing for 60 gold pieces
 27117 | Snake:2  | 27117 ||| BUYING potion of curing (60 gold).
 27117 | Snake:2  | Bought a potion of curing for 60 gold pieces
 27117 | Snake:2  | 27117 ||| BUYING scroll of enchant weapon (150 gold).
 27117 | Snake:2  | Bought a scroll of enchant weapon for 150 gold pieces
 27117 | Snake:2  | 27117 ||| READING scroll of enchant weapon.
 27117 | Snake:2  | 27117 ||| ENCHANTING +6 spectral war axe.
 27231 | Snake:2  | Found a shimmering altar of Xom.
 27518 | Snake:2  | 27518 ||| Stepping ~*~*~tactically~*~*~ (hiding).
 27829 | Snake:2  | 27829 ||| Stepping ~*~*~tactically~*~*~ (stealth).
 27830 | Snake:2  | 27830 ||| Stepping ~*~*~tactically~*~*~ (stealth).
 27832 | Snake:2  | 27832 ||| Stepping ~*~*~tactically~*~*~ (hiding).
 27834 | Snake:2  | 27834 ||| INVOKING Heroism.
 27841 | Snake:2  | Reached skill level 18 in Shields
 28174 | Snake:3  | Received a gift from Okawaru
 28234 | Snake:3  | 28234 ||| INVOKING Heroism.
 28414 | Snake:3  | 28414 ||| Stepping ~*~*~tactically~*~*~ (stealth).
 28417 | Snake:3  | 28417 ||| Stepping ~*~*~tactically~*~*~ (stealth).
 28419 | Snake:3  | 28419 ||| Stepping ~*~*~tactically~*~*~ (stealth).
 28425 | Snake:3  | 28425 ||| Stepping ~*~*~tactically~*~*~ (stealth).
 28426 | Snake:3  | 28426 ||| Stepping ~*~*~tactically~*~*~ (hiding).
 28435 | Snake:3  | Reached skill level 14 in Armour
 28478 | Snake:3  | 28478 ||| INVOKING Heroism.
 28726 | Snake:3  | 28726 ||| PLANNING SWAMP:4
 28726 | Snake:3  | 28726 ||| DROPPING +2 hat.
 28908 | Swamp:4  | Entered Level 4 of the Swamp
 28909 | Swamp:4  | 28909 ||| INVOKING Heroism.
 28913 | Swamp:4  | Noticed Mara
 28914 | Swamp:4  | 28914 ||| SWAPPING to +3 hand axe of the Hierophant {flame,
                  | +Blink rN+}.
 28915 | Swamp:4  | 28915 ||| INVOKING Finesse.
 28921 | Swamp:4  | Noticed qw's illusion
 28923 | Swamp:4  | 28923 ||| SWAPPING to +7 spectral war axe.
 28941 | Swamp:4  | 28941 ||| SWAPPING to +3 hand axe of the Hierophant {flame,
                  | +Blink rN+}.
 28949 | Swamp:4  | 28949 ||| SWAPPING to +7 spectral war axe.
 28950 | Swamp:4  | 28950 ||| SWAPPING to +3 hand axe of the Hierophant {flame,
                  | +Blink rN+}.
 28957 | Swamp:4  | 28957 ||| SWAPPING to +7 spectral war axe.
 28963 | Swamp:4  | Noticed qw's illusion
 28965 | Swamp:4  | Killed Mara
 28966 | Swamp:4  | Reached XP level 18. HP: 98/117 MP: 21/25
 28979 | Swamp:4  | HP: 24/118 [19-headed hydra (11)]
 28980 | Swamp:4  | 28980 ||| READING 9 scrolls of teleportation.
 28980 | Swamp:4  | HP: 9/118 [19-headed hydra (8)]
 28981 | Swamp:4  | 28981 ||| DRINKING 3 potions of heal wounds.
 28982 | Swamp:4  | 28982 ||| DRINKING 2 potions of heal wounds.
 28984 | Swamp:4  | 28984 ||| DRINKING potion of heal wounds.
 28986 | Swamp:4  | 28986 ||| FLEEEEING.
 28995 | Swamp:4  | 28995 ||| PLANNING SWAMP:4
 29003 | Swamp:4  | Reached skill level 15 in Fighting
 29005 | Swamp:4  | 29005 ||| Stepping ~*~*~tactically~*~*~ (stealth).
 29006 | Swamp:4  | 29006 ||| Stepping ~*~*~tactically~*~*~ (stealth).
 29008 | Swamp:4  | Identified the -2 pair of boots of Death's Door {Str+4}
                  | (Okawaru gifted it to you on level 4 of the Swamp)
 29008 | Swamp:4  | Received a gift from Okawaru
 29011 | Swamp:4  | 29011 ||| Stepping ~*~*~tactically~*~*~ (hiding).
 29019 | Swamp:4  | 29019 ||| INVOKING Heroism.
 29033 | Swamp:4  | 29033 ||| FLEEEEING.
 29034 | Swamp:4  | 29034 ||| FLEEEEING.
 29069 | Swamp:4  | 29069 ||| INVOKING Heroism.
 29108 | Swamp:4  | 29108 ||| FLEEEEING.
 29110 | Swamp:4  | 29110 ||| Stepping ~*~*~tactically~*~*~ (stealth).
 29111 | Swamp:4  | 29111 ||| Stepping ~*~*~tactically~*~*~ (stealth).
 29112 | Swamp:4  | 29112 ||| Stepping ~*~*~tactically~*~*~ (stealth).
 29113 | Swamp:4  | 29113 ||| Stepping ~*~*~tactically~*~*~ (stealth).
 29114 | Swamp:4  | 29114 ||| FLEEEEING.
 29115 | Swamp:4  | 29115 ||| FLEEEEING.
 29117 | Swamp:4  | 29117 ||| INVOKING Heroism.
 29160 | Swamp:4  | 29160 ||| FLEEEEING.
 29161 | Swamp:4  | 29161 ||| FLEEEEING.
 29162 | Swamp:4  | 29162 ||| FLEEEEING.
 29165 | Swamp:4  | 29165 ||| FLEEEEING.
 29172 | Swamp:4  | 29172 ||| FLEEEEING.
 29173 | Swamp:4  | 29173 ||| FLEEEEING.
 29174 | Swamp:4  | 29174 ||| FLEEEEING.
 29175 | Swamp:4  | 29175 ||| FLEEEEING.
 29176 | Swamp:4  | 29176 ||| FLEEEEING.
 29177 | Swamp:4  | 29177 ||| FLEEEEING.
 29178 | Swamp:4  | 29178 ||| FLEEEEING.
 29179 | Swamp:4  | 29179 ||| FLEEEEING.
 29180 | Swamp:4  | 29180 ||| FLEEEEING.
 29185 | Swamp:4  | 29185 ||| FLEEEEING.
 29186 | Swamp:4  | 29186 ||| FLEEEEING.
 29194 | Swamp:4  | 29194 ||| FLEEEEING.
 29195 | Swamp:4  | 29195 ||| FLEEEEING.
 29196 | Swamp:4  | 29196 ||| FLEEEEING.
 29201 | Swamp:4  | 29201 ||| INVOKING Heroism.
 29202 | Swamp:4  | 29202 ||| Stepping ~*~*~tactically~*~*~ (hiding).
 29256 | Swamp:4  | 29256 ||| Stepping ~*~*~tactically~*~*~ (stealth).
 29258 | Swamp:4  | 29258 ||| Stepping ~*~*~tactically~*~*~ (stealth).
 29259 | Swamp:4  | 29259 ||| INVOKING Heroism.
 29273 | Swamp:4  | 29273 ||| DROPPING +3 hand axe of the Hierophant {flame,
                  | +Blink rN+}.
 29295 | Swamp:4  | 29295 ||| Stepping ~*~*~tactically~*~*~ (hiding).
 29304 | Swamp:4  | 29304 ||| Stepping ~*~*~tactically~*~*~ (stealth).
 29308 | Swamp:4  | 29308 ||| Stepping ~*~*~tactically~*~*~ (hiding).
 29321 | Swamp:4  | 29321 ||| Stepping ~*~*~tactically~*~*~ (stealth).
 29323 | Swamp:4  | 29323 ||| INVOKING Heroism.
 29349 | Swamp:4  | 29349 ||| FLEEEEING.
 29350 | Swamp:4  | 29350 ||| FLEEEEING.
 29351 | Swamp:4  | 29351 ||| FLEEEEING.
 29352 | Swamp:4  | 29352 ||| STAIRDANCE
 29524 | Swamp:3  | 29524 ||| DROPPING -2 pair of boots of Death's Door
                  | {Str+4}.
 29545 | Swamp:4  | Got a decaying rune of Zot
 29596 | Swamp:4  | 29596 ||| Stepping ~*~*~tactically~*~*~ (stealth).
 29598 | Swamp:4  | 29598 ||| Stepping ~*~*~tactically~*~*~ (hiding).
 29929 | Swamp:4  | 29929 ||| PLANNING VAULTS:1-4
 30159 | Vaults:1 | Entered Level 1 of the Vaults
 30167 | Vaults:1 | 30167 ||| INVOKING Heroism.
 30169 | Vaults:1 | Reached skill level 15 in Armour
 30323 | Vaults:1 | 30323 ||| READING scroll of enchant armour.
 30323 | Vaults:1 | 30323 ||| ENCHANTING +3 plate armour.
 30346 | Vaults:1 | 30346 ||| FLEEEEING.
 30487 | Vaults:1 | 30487 ||| FLEEEEING.
 30488 | Vaults:1 | 30488 ||| FLEEEEING.
 30489 | Vaults:1 | 30489 ||| FLEEEEING.
 30490 | Vaults:1 | 30490 ||| FLEEEEING.
 30491 | Vaults:1 | 30491 ||| FLEEEEING.
 30640 | Vaults:1 | 30640 ||| Stepping ~*~*~tactically~*~*~ (hiding).
 30651 | Vaults:1 | 30651 ||| Stepping ~*~*~tactically~*~*~ (hiding).
 30852 | Vaults:1 | 30852 ||| READING scroll of enchant weapon.
 30852 | Vaults:1 | 30852 ||| ENCHANTING +7 spectral war axe.
 30949 | Vaults:1 | 30949 ||| Stepping ~*~*~tactically~*~*~ (stealth).
 30962 | Vaults:1 | Received a gift from Okawaru
 30999 | Vaults:1 | 30999 ||| INVOKING Finesse.
 31055 | Vaults:1 | 31055 ||| READING scroll of enchant weapon.
 31055 | Vaults:1 | 31055 ||| ENCHANTING +8 spectral war axe.
 31079 | Vaults:1 | 31079 ||| Stepping ~*~*~tactically~*~*~ (stealth).
 31086 | Vaults:1 | 31086 ||| INVOKING Heroism.
 31352 | Vaults:1 | 31352 ||| READING scroll of enchant armour.
 31352 | Vaults:1 | 31352 ||| ENCHANTING +4 plate armour.
 31380 | Vaults:1 | 31380 ||| FLEEEEING.
 31381 | Vaults:1 | 31381 ||| FLEEEEING.
 31382 | Vaults:1 | 31382 ||| FLEEEEING.
 31383 | Vaults:1 | 31383 ||| FLEEEEING.
 31384 | Vaults:1 | 31384 ||| FLEEEEING.
 31385 | Vaults:1 | 31385 ||| FLEEEEING.
 31386 | Vaults:1 | 31386 ||| FLEEEEING.
 31387 | Vaults:1 | 31387 ||| FLEEEEING.
 31406 | Vaults:1 | 31406 ||| INVOKING Heroism.
 31416 | Vaults:1 | Received a gift from Okawaru
 31579 | Vaults:1 | 31579 ||| FLEEEEING.
 31580 | Vaults:1 | 31580 ||| FLEEEEING.
 31581 | Vaults:1 | 31581 ||| FLEEEEING.
 31587 | Vaults:1 | 31587 ||| FLEEEEING.
 31588 | Vaults:1 | 31588 ||| FLEEEEING.
 31589 | Vaults:1 | 31589 ||| FLEEEEING.
 31590 | Vaults:1 | 31590 ||| FLEEEEING.
 31591 | Vaults:1 | 31591 ||| FLEEEEING.
 31592 | Vaults:1 | 31592 ||| FLEEEEING.
 31593 | Vaults:1 | 31593 ||| Stepping ~*~*~tactically~*~*~ (hiding).
 31594 | Vaults:1 | 31594 ||| Stepping ~*~*~tactically~*~*~ (hiding).
 31649 | Vaults:1 | Noticed Asterion
 31651 | Vaults:1 | 31651 ||| Stepping ~*~*~tactically~*~*~ (hiding).
 31652 | Vaults:1 | 31652 ||| Stepping ~*~*~tactically~*~*~ (hiding).
 31653 | Vaults:1 | 31653 ||| Stepping ~*~*~tactically~*~*~ (hiding).
 31654 | Vaults:1 | 31654 ||| INVOKING Heroism.
 31661 | Vaults:1 | Killed Asterion
 31662 | Vaults:1 | Reached skill level 9 in Throwing
 31787 | Vaults:1 | 31787 ||| SWAPPING to +1 spectral broad axe.
 31788 | Vaults:1 | 31788 ||| DROPPING +9 spectral war axe.
 31817 | Vaults:1 | 31817 ||| DROPPING quicksilver dragon scales "Lygih"
                  | {Rampage Will+ SInv}.
 31877 | Vaults:1 | 31877 ||| Stepping ~*~*~tactically~*~*~ (hiding).
 31878 | Vaults:1 | 31878 ||| Stepping ~*~*~tactically~*~*~ (hiding).
 31879 | Vaults:1 | 31879 ||| Stepping ~*~*~tactically~*~*~ (hiding).
 31883 | Vaults:1 | 31883 ||| Stepping ~*~*~tactically~*~*~ (hiding).
 31918 | Vaults:1 | 31918 ||| INVOKING Heroism.
 32290 | Vaults:2 | 32290 ||| INVOKING Heroism.
 32315 | Vaults:2 | Received a gift from Okawaru
 32473 | Vaults:2 | 32473 ||| Stepping ~*~*~tactically~*~*~ (hiding).
 32563 | Vaults:2 | Found Wookoy's Antique Armour Shoppe.
 32602 | Vaults:2 | 32602 ||| BUYING glowing scarf (152 gold).
 32602 | Vaults:2 | Bought a glowing scarf for 152 gold pieces
 32602 | Vaults:2 | 32602 ||| BUYING pair of embroidered boots (142 gold).
 32602 | Vaults:2 | Bought a pair of embroidered boots for 142 gold pieces
 32695 | Vaults:2 | 32695 ||| Stepping ~*~*~tactically~*~*~ (hiding).
 32710 | Vaults:2 | Reached XP level 19. HP: 115/124 MP: 26/26
 32765 | Vaults:2 | 32765 ||| Stepping ~*~*~tactically~*~*~ (hiding).
 32807 | Vaults:2 | 32807 ||| Stepping ~*~*~tactically~*~*~ (stealth).
 32819 | Vaults:2 | Paralysed by a sphinx for 5 turns
 32949 | Vaults:2 | 32949 ||| Stepping ~*~*~tactically~*~*~ (hiding).
 32951 | Vaults:2 | 32951 ||| Stepping ~*~*~tactically~*~*~ (hiding).
 32952 | Vaults:2 | 32952 ||| Stepping ~*~*~tactically~*~*~ (hiding).
 32953 | Vaults:2 | 32953 ||| Stepping ~*~*~tactically~*~*~ (hiding).
 32956 | Vaults:2 | 32956 ||| Stepping ~*~*~tactically~*~*~ (hiding).
 33073 | Vaults:2 | 33073 ||| INVOKING Heroism.
 33093 | Vaults:2 | 33093 ||| INVOKING Finesse.
 33251 | Vaults:2 | 33251 ||| INVOKING Heroism.
 33262 | Vaults:2 | Received a gift from Okawaru
 33487 | Vaults:2 | 33487 ||| INVOKING Heroism.
 33508 | Vaults:2 | HP: 20/124 [lindwurm/blast of flame (24)]
 33509 | Vaults:2 | 33509 ||| READING 10 scrolls of teleportation.
 33510 | Vaults:2 | 33510 ||| DRINKING potion of heal wounds.
 33748 | Vaults:2 | 33748 ||| Stepping ~*~*~tactically~*~*~ (hiding).
 33810 | Vaults:2 | Identified the +10 mace of Cheibriados's Fury {flame, Will+
                  | MP-9 Str+4}
 34219 | Vaults:2 | 34219 ||| INVOKING Heroism.
 34220 | Vaults:2 | 34220 ||| INVOKING Finesse.
 34225 | Vaults:2 | Received a gift from Okawaru
 34445 | Vaults:2 | 34445 ||| DROPPING scarf of shadows.
 34446 | Vaults:2 | 34446 ||| DROPPING +1 pair of boots.
 34447 | Vaults:2 | 34447 ||| DROPPING +6 ring of dexterity.
 34500 | Vaults:3 | Found Eteonug's Jewellery Shoppe.
 34510 | Vaults:3 | 34510 ||| BUYING +5 ring of evasion (360 gold).
 34510 | Vaults:3 | Bought a +5 ring of evasion for 360 gold pieces
 34510 | Vaults:3 | 34510 ||| SHOPLISTING amulet "Qeit" {Faith Fragile rN++}
                  | (519 gold, have 46).
 34510 | Vaults:3 | 34510 ||| SHOPLISTING ring of protection from cold (250
                  | gold, have 46).
 34510 | Vaults:3 | 34510 ||| SHOPLISTING ring of protection from fire (250
                  | gold, have 46).
 34577 | Vaults:3 | 34577 ||| FLEEEEING.
 34578 | Vaults:3 | 34578 ||| FLEEEEING.
 34579 | Vaults:3 | 34579 ||| FLEEEEING.
 34580 | Vaults:3 | 34580 ||| FLEEEEING.
 34581 | Vaults:3 | 34581 ||| FLEEEEING.
 34582 | Vaults:3 | 34582 ||| FLEEEEING.
 34583 | Vaults:3 | 34583 ||| FLEEEEING.
 34584 | Vaults:3 | 34584 ||| FLEEEEING.
 34585 | Vaults:3 | 34585 ||| FLEEEEING.
 34586 | Vaults:3 | 34586 ||| FLEEEEING.
 34587 | Vaults:3 | 34587 ||| FLEEEEING.
 34588 | Vaults:3 | 34588 ||| FLEEEEING.
 34589 | Vaults:3 | 34589 ||| FLEEEEING.
 34590 | Vaults:3 | 34590 ||| FLEEEEING.
 34591 | Vaults:3 | 34591 ||| FLEEEEING.
 34592 | Vaults:3 | 34592 ||| FLEEEEING.
 34593 | Vaults:3 | 34593 ||| FLEEEEING.
 34594 | Vaults:3 | 34594 ||| FLEEEEING.
 34595 | Vaults:3 | 34595 ||| FLEEEEING.
 34596 | Vaults:3 | 34596 ||| FLEEEEING.
 34597 | Vaults:3 | 34597 ||| FLEEEEING.
 34598 | Vaults:3 | 34598 ||| FLEEEEING.
 34599 | Vaults:3 | 34599 ||| FLEEEEING.
 34600 | Vaults:3 | 34600 ||| FLEEEEING.
 34715 | Vaults:3 | 34715 ||| INVOKING Heroism.
 34716 | Vaults:3 | 34716 ||| INVOKING Finesse.
 34881 | Vaults:3 | Reached skill level 18 in Axes
 34881 | Vaults:3 | 34881 ||| FLEEEEING.
 34882 | Vaults:3 | 34882 ||| FLEEEEING.
 34883 | Vaults:3 | 34883 ||| FLEEEEING.
 34894 | Vaults:3 | Identified the +1 troll leather armour of Okawaru's
                  | Displeasure {*Corrode rN++ Regen+ Int+2} (Okawaru gifted it
                  | to you on level 3 of the Vaults)
 34894 | Vaults:3 | Received a gift from Okawaru
 34996 | Vaults:3 | Found a staircase to the Crypt.
 35073 | Vaults:3 | Paralysed by a great orb of eyes for 4 turns
 35559 | Vaults:3 | Noticed Saint Roka
 35560 | Vaults:3 | 35560 ||| INVOKING Heroism.
 35561 | Vaults:3 | 35561 ||| INVOKING Finesse.
 35575 | Vaults:3 | Killed Saint Roka
 36202 | Vaults:3 | 36202 ||| UPGRADING to +5 ring of evasion.
 36204 | Vaults:3 | 36204 ||| DROPPING +4 ring of protection.
 36257 | Vaults:4 | 36257 ||| FLEEEEING.
 36258 | Vaults:4 | 36258 ||| STAIRDANCE
 36389 | Vaults:4 | 36389 ||| Stepping ~*~*~tactically~*~*~ (stealth).
 36399 | Vaults:4 | Reached skill level 16 in Armour
 36450 | Vaults:4 | 36450 ||| Stepping ~*~*~tactically~*~*~ (stealth).
 36460 | Vaults:4 | 36460 ||| FLEEEEING.
 36465 | Vaults:4 | 36465 ||| INVOKING Heroism.
 36469 | Vaults:4 | HP: 30/125 [frost giant/+2 battleaxe of freezing (6)]
 36470 | Vaults:4 | 36470 ||| READING 11 scrolls of teleportation.
 36471 | Vaults:4 | 36471 ||| DRINKING 2 potions of heal wounds.
 36684 | Vaults:4 | 36684 ||| Stepping ~*~*~tactically~*~*~ (hiding).
 36686 | Vaults:4 | 36686 ||| Stepping ~*~*~tactically~*~*~ (hiding).
 36709 | Vaults:4 | 36709 ||| INVOKING Heroism.
 36724 | Vaults:4 | HP: 29/127 [white very ugly thing (13)]
 36725 | Vaults:4 | 36725 ||| READING 10 scrolls of teleportation.
 36726 | Vaults:4 | 36726 ||| DRINKING potion of heal wounds.
 36988 | Vaults:4 | 36988 ||| Stepping ~*~*~tactically~*~*~ (hiding).
 37045 | Vaults:4 | 37045 ||| FLEEEEING.
 37046 | Vaults:4 | 37046 ||| FLEEEEING.
 37049 | Vaults:4 | 37049 ||| Stepping ~*~*~tactically~*~*~ (hiding).
 37051 | Vaults:4 | 37051 ||| Stepping ~*~*~tactically~*~*~ (hiding).
 37063 | Vaults:4 | Reached XP level 20. HP: 114/134 MP: 27/27
 37063 | Vaults:4 | 37063 ||| FLEEEEING.
 37064 | Vaults:4 | 37064 ||| FLEEEEING.
 37065 | Vaults:4 | 37065 ||| FLEEEEING.
 37066 | Vaults:4 | 37066 ||| FLEEEEING.
 37067 | Vaults:4 | 37067 ||| FLEEEEING.
 37068 | Vaults:4 | 37068 ||| FLEEEEING.
 37069 | Vaults:4 | 37069 ||| FLEEEEING.
 37074 | Vaults:4 | 37074 ||| FLEEEEING.
 37103 | Vaults:4 | 37103 ||| FLEEEEING.
 37104 | Vaults:4 | 37104 ||| FLEEEEING.
 37105 | Vaults:4 | 37105 ||| FLEEEEING.
 37106 | Vaults:4 | 37106 ||| FLEEEEING.
 37107 | Vaults:4 | 37107 ||| FLEEEEING.
 37108 | Vaults:4 | 37108 ||| FLEEEEING.
 37109 | Vaults:4 | 37109 ||| FLEEEEING.
 37110 | Vaults:4 | 37110 ||| FLEEEEING.
 37111 | Vaults:4 | 37111 ||| FLEEEEING.
 37112 | Vaults:4 | 37112 ||| FLEEEEING.
 37113 | Vaults:4 | 37113 ||| FLEEEEING.
 37118 | Vaults:4 | 37118 ||| FLEEEEING.
 37119 | Vaults:4 | 37119 ||| STAIRDANCE
 37208 | Vaults:4 | 37208 ||| STAIRDANCE
 37312 | Vaults:4 | 37312 ||| STAIRDANCE
 37435 | Vaults:4 | 37435 ||| Stepping ~*~*~tactically~*~*~ (hiding).
 37476 | Vaults:4 | 37476 ||| Stepping ~*~*~tactically~*~*~ (stealth).
 37769 | Vaults:4 | 37769 ||| Stepping ~*~*~tactically~*~*~ (stealth).
 37780 | Vaults:4 | 37780 ||| INVOKING Heroism.
 37787 | Vaults:4 | Reached skill level 17 in Armour
 37797 | Vaults:4 | Received a gift from Okawaru
 37799 | Vaults:4 | HP: 31/134 [ironbound thunderhulk/+0 great mace (5)]
 37800 | Vaults:4 | 37800 ||| READING 9 scrolls of teleportation.
 37805 | Vaults:4 | Received a gift from Okawaru
 37805 | Vaults:4 | HP: 21/134 [ironbound thunderhulk/+0 great mace (12)]
 38128 | Vaults:4 | 38128 ||| INVOKING Heroism.
 38155 | Vaults:4 | 38155 ||| Stepping ~*~*~tactically~*~*~ (hiding).
 38174 | Vaults:4 | Received a gift from Okawaru
 38213 | Vaults:4 | 38213 ||| INVOKING Heroism.
 38216 | Vaults:4 | 38216 ||| Stepping ~*~*~tactically~*~*~ (hiding).
 38226 | Vaults:4 | 38226 ||| Stepping ~*~*~tactically~*~*~ (hiding).
 38262 | Vaults:4 | 38262 ||| FLEEEEING.
 38263 | Vaults:4 | 38263 ||| FLEEEEING.
 38267 | Vaults:4 | 38267 ||| FLEEEEING.
 38282 | Vaults:4 | 38282 ||| FLEEEEING.
 38283 | Vaults:4 | 38283 ||| FLEEEEING.
 38294 | Vaults:4 | 38294 ||| FLEEEEING.
 38295 | Vaults:4 | 38295 ||| FLEEEEING.
 38296 | Vaults:4 | 38296 ||| FLEEEEING.
 38297 | Vaults:4 | 38297 ||| FLEEEEING.
 38298 | Vaults:4 | 38298 ||| FLEEEEING.
 38299 | Vaults:4 | 38299 ||| FLEEEEING.
 38300 | Vaults:4 | 38300 ||| FLEEEEING.
 38301 | Vaults:4 | 38301 ||| FLEEEEING.
 38302 | Vaults:4 | 38302 ||| FLEEEEING.
 38303 | Vaults:4 | 38303 ||| FLEEEEING.
 38304 | Vaults:4 | 38304 ||| FLEEEEING.
 38305 | Vaults:4 | 38305 ||| FLEEEEING.
 38316 | Vaults:4 | 38316 ||| FLEEEEING.
 38317 | Vaults:4 | 38317 ||| FLEEEEING.
 38318 | Vaults:4 | 38318 ||| FLEEEEING.
 38319 | Vaults:4 | 38319 ||| FLEEEEING.
 38320 | Vaults:4 | 38320 ||| FLEEEEING.
 38322 | Vaults:4 | 38322 ||| FLEEEEING.
 38323 | Vaults:4 | 38323 ||| FLEEEEING.
 38324 | Vaults:4 | 38324 ||| FLEEEEING.
 38325 | Vaults:4 | 38325 ||| FLEEEEING.
 38326 | Vaults:4 | 38326 ||| FLEEEEING.
 38327 | Vaults:4 | 38327 ||| FLEEEEING.
 38328 | Vaults:4 | 38328 ||| FLEEEEING.
 38331 | Vaults:4 | 38331 ||| STAIRDANCE
 38408 | Vaults:3 | 38408 ||| UPGRADING to +2 crystal plate armour.
 38418 | Vaults:3 | 38418 ||| DROPPING +5 plate armour.
 38421 | Vaults:4 | 38421 ||| Stepping ~*~*~tactically~*~*~ (hiding).
 38422 | Vaults:4 | 38422 ||| Stepping ~*~*~tactically~*~*~ (hiding).
 38425 | Abyss:2  | Cast into level 2 of the Abyss (a wizard)
 38439 | Abyss:2  | 38439 ||| Stepping ~*~*~tactically~*~*~ (stealth).
 38493 | Abyss:2  | 38493 ||| Stepping ~*~*~tactically~*~*~ (hiding).
 38494 | Abyss:2  | 38494 ||| Stepping ~*~*~tactically~*~*~ (hiding).
 38547 | Abyss:2  | 38547 ||| Stepping ~*~*~tactically~*~*~ (hiding).
 38549 | Abyss:2  | 38549 ||| Stepping ~*~*~tactically~*~*~ (hiding).
 38560 | Abyss:2  | 38560 ||| Stepping ~*~*~tactically~*~*~ (stealth).
 38562 | Abyss:2  | 38562 ||| Stepping ~*~*~tactically~*~*~ (stealth).
 38563 | Abyss:2  | 38563 ||| Stepping ~*~*~tactically~*~*~ (stealth).
 38564 | Abyss:2  | 38564 ||| Stepping ~*~*~tactically~*~*~ (stealth).
 38566 | Abyss:2  | 38566 ||| Stepping ~*~*~tactically~*~*~ (stealth).
 38571 | Abyss:2  | 38571 ||| Stepping ~*~*~tactically~*~*~ (stealth).
 38601 | Abyss:2  | 38601 ||| Stepping ~*~*~tactically~*~*~ (hiding).
 38637 | Abyss:2  | 38637 ||| Stepping ~*~*~tactically~*~*~ (stealth).
 38639 | Abyss:2  | 38639 ||| Stepping ~*~*~tactically~*~*~ (stealth).
 38642 | Abyss:2  | 38642 ||| Stepping ~*~*~tactically~*~*~ (stealth).
 38648 | Abyss:2  | 38648 ||| Stepping ~*~*~tactically~*~*~ (stealth).
 38669 | Abyss:2  | 38669 ||| Stepping ~*~*~tactically~*~*~ (stealth).
 38693 | Abyss:2  | 38693 ||| Stepping ~*~*~tactically~*~*~ (stealth).
 38703 | Abyss:2  | 38703 ||| Stepping ~*~*~tactically~*~*~ (stealth).
 38752 | Abyss:2  | 38752 ||| Stepping ~*~*~tactically~*~*~ (stealth).
 38773 | Abyss:2  | 38773 ||| Stepping ~*~*~tactically~*~*~ (stealth).
 38813 | Abyss:2  | Found a corrupted altar of Lugonu.
 38898 | Abyss:2  | 38898 ||| Stepping ~*~*~tactically~*~*~ (stealth).
 38899 | Abyss:2  | 38899 ||| Stepping ~*~*~tactically~*~*~ (stealth).
 38921 | Abyss:2  | 38921 ||| Stepping ~*~*~tactically~*~*~ (stealth).
 38946 | Abyss:2  | 38946 ||| Stepping ~*~*~tactically~*~*~ (stealth).
 38960 | Vaults:4 | Escaped the Abyss
 39115 | Vaults:4 | 39115 ||| Stepping ~*~*~tactically~*~*~ (hiding).
 39116 | Vaults:4 | 39116 ||| Stepping ~*~*~tactically~*~*~ (hiding).
 39118 | Vaults:4 | 39118 ||| Stepping ~*~*~tactically~*~*~ (hiding).
 39119 | Vaults:4 | 39119 ||| Stepping ~*~*~tactically~*~*~ (hiding).
 39120 | Vaults:4 | 39120 ||| Stepping ~*~*~tactically~*~*~ (hiding).
 39291 | Vaults:4 | 39291 ||| FLEEEEING.
 39292 | Vaults:4 | 39292 ||| FLEEEEING.
 39293 | Vaults:4 | 39293 ||| FLEEEEING.
 39294 | Vaults:4 | 39294 ||| FLEEEEING.
 39295 | Vaults:4 | 39295 ||| FLEEEEING.
 39319 | Vaults:4 | 39319 ||| INVOKING Heroism.
 39321 | Vaults:4 | Reached skill level 18 in Armour
 39675 | Vaults:4 | 39675 ||| PLANNING SNAKE:4
 39997 | Snake:4  | Entered Level 4 of the Snake Pit
 39998 | Snake:4  | 39998 ||| Stepping ~*~*~tactically~*~*~ (hiding).
 39999 | Snake:4  | 39999 ||| Stepping ~*~*~tactically~*~*~ (hiding).
 40004 | Snake:4  | 40004 ||| Stepping ~*~*~tactically~*~*~ (hiding).
 40032 | Snake:4  | 40032 ||| Stepping ~*~*~tactically~*~*~ (stealth).
 40169 | Snake:4  | 40169 ||| Stepping ~*~*~tactically~*~*~ (stealth).
 40234 | Snake:4  | 40234 ||| Stepping ~*~*~tactically~*~*~ (hiding).
 40237 | Snake:4  | 40237 ||| Stepping ~*~*~tactically~*~*~ (hiding).
 40248 | Snake:4  | 40248 ||| Stepping ~*~*~tactically~*~*~ (hiding).
 40279 | Snake:4  | 40279 ||| FLEEEEING.
 40336 | Snake:4  | 40336 ||| Stepping ~*~*~tactically~*~*~ (hiding).
 40337 | Snake:4  | 40337 ||| Stepping ~*~*~tactically~*~*~ (hiding).
 40340 | Snake:4  | 40340 ||| Stepping ~*~*~tactically~*~*~ (hiding).
 40396 | Snake:4  | 40396 ||| Stepping ~*~*~tactically~*~*~ (stealth).
 40403 | Snake:4  | Received a gift from Okawaru
 40404 | Snake:4  | 40404 ||| Stepping ~*~*~tactically~*~*~ (hiding).
 40527 | Snake:4  | 40527 ||| Stepping ~*~*~tactically~*~*~ (hiding).
 40528 | Snake:4  | 40528 ||| Stepping ~*~*~tactically~*~*~ (hiding).
 40529 | Snake:4  | 40529 ||| Stepping ~*~*~tactically~*~*~ (hiding).
 40585 | Snake:4  | 40585 ||| Stepping ~*~*~tactically~*~*~ (hiding).
 40592 | Snake:4  | 40592 ||| Stepping ~*~*~tactically~*~*~ (stealth).
 40593 | Snake:4  | 40593 ||| Stepping ~*~*~tactically~*~*~ (hiding).
 40594 | Snake:4  | 40594 ||| Stepping ~*~*~tactically~*~*~ (hiding).
 40622 | Snake:4  | 40622 ||| Stepping ~*~*~tactically~*~*~ (stealth).
 40632 | Snake:4  | 40632 ||| Stepping ~*~*~tactically~*~*~ (hiding).
 40703 | Snake:4  | Received a gift from Okawaru
 40878 | Snake:4  | 40878 ||| INVOKING Heroism.
 40881 | Snake:4  | 40881 ||| Stepping ~*~*~tactically~*~*~ (hiding).
 40882 | Snake:4  | 40882 ||| Stepping ~*~*~tactically~*~*~ (hiding).
 40884 | Snake:4  | 40884 ||| Stepping ~*~*~tactically~*~*~ (hiding).
 40939 | Snake:4  | Reached skill level 19 in Armour
 40954 | Snake:4  | Received a gift from Okawaru
 40969 | Snake:4  | 40969 ||| Stepping ~*~*~tactically~*~*~ (stealth).
 40980 | Snake:4  | 40980 ||| Stepping ~*~*~tactically~*~*~ (stealth).
 41014 | Snake:4  | 41014 ||| READING scroll of enchant armour.
 41014 | Snake:4  | 41014 ||| ENCHANTING +2 crystal plate armour.
 41042 | Snake:4  | 41042 ||| INVOKING Heroism.
 41044 | Snake:4  | Received a gift from Okawaru
 41046 | Snake:4  | Reached XP level 21. HP: 89/140 MP: 25/28
 41069 | Snake:4  | 41069 ||| Stepping ~*~*~tactically~*~*~ (hiding).
 41076 | Snake:4  | 41076 ||| Stepping ~*~*~tactically~*~*~ (hiding).
 41100 | Snake:4  | 41100 ||| Stepping ~*~*~tactically~*~*~ (hiding).
 41104 | Snake:4  | HP: 35/140 [salamander tyrant (11)]
 41105 | Snake:4  | 41105 ||| READING 9 scrolls of teleportation.
 41160 | Snake:4  | 41160 ||| INVOKING Heroism.
 41437 | Snake:4  | Got a serpentine rune of Zot
 41508 | Snake:4  | 41508 ||| PLANNING DEPTHS
 41508 | Snake:4  | 41508 ||| DROPPING +0 tower shield of poison resistance.
 41509 | Snake:4  | 41509 ||| DROPPING +2 plate armour of cold resistance.
 41743 | Depths:1 | Entered Level 1 of the Depths
 41879 | Depths:1 | 41879 ||| Stepping ~*~*~tactically~*~*~ (hiding).
 41948 | Depths:1 | 41948 ||| Stepping ~*~*~tactically~*~*~ (hiding).
 42129 | Depths:1 | Found a gateway to Hell.
 42221 | Depths:1 | 42221 ||| Stepping ~*~*~tactically~*~*~ (hiding).
 42223 | Depths:1 | 42223 ||| Stepping ~*~*~tactically~*~*~ (hiding).
 42438 | Depths:1 | Reached skill level 20 in Armour
 42581 | Depths:1 | 42581 ||| INVOKING Heroism.
 42582 | Depths:1 | 42582 ||| INVOKING Finesse.
 42634 | Depths:1 | 42634 ||| Stepping ~*~*~tactically~*~*~ (stealth).
 42636 | Depths:1 | 42636 ||| Stepping ~*~*~tactically~*~*~ (stealth).
 42643 | Depths:1 | 42643 ||| INVOKING Heroism.
 42707 | Depths:1 | Found a snail-covered altar of Cheibriados.
 42749 | Depths:1 | 42749 ||| Stepping ~*~*~tactically~*~*~ (stealth).
 42752 | Depths:1 | 42752 ||| Stepping ~*~*~tactically~*~*~ (stealth).
 42759 | Depths:1 | 42759 ||| Stepping ~*~*~tactically~*~*~ (hiding).
 42763 | Depths:1 | 42763 ||| Stepping ~*~*~tactically~*~*~ (hiding).
 42765 | Depths:1 | 42765 ||| Stepping ~*~*~tactically~*~*~ (hiding).
 43004 | Depths:1 | 43004 ||| Stepping ~*~*~tactically~*~*~ (stealth).
 43007 | Depths:1 | 43007 ||| FLEEEEING.
 43008 | Depths:1 | 43008 ||| FLEEEEING.
 43009 | Depths:1 | 43009 ||| Stepping ~*~*~tactically~*~*~ (hiding).
 43013 | Depths:1 | 43013 ||| INVOKING Heroism.
 43014 | Depths:1 | 43014 ||| INVOKING Finesse.
 43195 | Depths:1 | 43195 ||| Stepping ~*~*~tactically~*~*~ (stealth).
 43197 | Depths:1 | 43197 ||| Stepping ~*~*~tactically~*~*~ (stealth).
 43325 | Depths:1 | 43325 ||| READING scroll of enchant armour.
 43325 | Depths:1 | 43325 ||| ENCHANTING +3 crystal plate armour.
 43410 | Depths:1 | 43410 ||| DROPPING +2 helmet of intelligence.
 43411 | Depths:1 | 43411 ||| DROPPING +2 hat of willpower.
 43439 | Depths:2 | 43439 ||| INVOKING Heroism.
 43446 | Depths:2 | 43446 ||| INVOKING Finesse.
 43492 | Depths:2 | 43492 ||| INVOKING Heroism.
 43502 | Depths:2 | Reached skill level 21 in Armour
 43508 | Depths:2 | 43508 ||| FLEEEEING.
 43509 | Depths:2 | 43509 ||| FLEEEEING.
 43510 | Depths:2 | 43510 ||| FLEEEEING.
 43511 | Depths:2 | 43511 ||| FLEEEEING.
 43512 | Depths:2 | 43512 ||| STAIRDANCE
 43733 | Depths:2 | 43733 ||| Stepping ~*~*~tactically~*~*~ (hiding).
 43734 | Depths:2 | 43734 ||| Stepping ~*~*~tactically~*~*~ (hiding).
 43735 | Depths:2 | 43735 ||| Stepping ~*~*~tactically~*~*~ (hiding).
 43736 | Depths:2 | 43736 ||| Stepping ~*~*~tactically~*~*~ (hiding).
 43876 | Depths:2 | 43876 ||| INVOKING Finesse.
 43936 | Depths:2 | 43936 ||| Stepping ~*~*~tactically~*~*~ (hiding).
 43937 | Depths:2 | 43937 ||| Stepping ~*~*~tactically~*~*~ (hiding).
 43945 | Depths:2 | 43945 ||| INVOKING Heroism.
 44095 | Depths:2 | 44095 ||| INVOKING Heroism.
 44253 | Depths:2 | 44253 ||| Stepping ~*~*~tactically~*~*~ (hiding).
 44262 | Depths:2 | 44262 ||| INVOKING Heroism.
 44375 | Depths:2 | 44375 ||| Stepping ~*~*~tactically~*~*~ (hiding).
 44390 | Depths:2 | Reached skill level 18 in Fighting
 44390 | Depths:2 | 44390 ||| INVOKING Heroism.
 44395 | Depths:2 | Received a gift from Okawaru
 44422 | Depths:2 | Identified the +3 leather armour "Damnable Contraption"
                  | {rC- Int+2 Stlth+}
 44499 | Depths:2 | 44499 ||| INVOKING Heroism.
 44500 | Depths:2 | 44500 ||| INVOKING Finesse.
 44558 | Depths:2 | 44558 ||| FLEEEEING.
 44559 | Depths:2 | 44559 ||| FLEEEEING.
 44565 | Depths:2 | 44565 ||| STAIRDANCE
 44756 | Depths:2 | 44756 ||| Stepping ~*~*~tactically~*~*~ (hiding).
 44758 | Depths:2 | 44758 ||| INVOKING Heroism.
 44767 | Depths:2 | 44767 ||| Stepping ~*~*~tactically~*~*~ (stealth).
 44768 | Depths:2 | 44768 ||| Stepping ~*~*~tactically~*~*~ (stealth).
 44794 | Depths:2 | 44794 ||| INVOKING Finesse.
 44848 | Depths:2 | 44848 ||| INVOKING Heroism.
 44952 | Depths:2 | 44952 ||| INVOKING Heroism.
 45107 | Depths:2 | Found a one-way gateway to a ziggurat.
 45159 | Depths:2 | 45159 ||| Stepping ~*~*~tactically~*~*~ (hiding).
 45161 | Depths:2 | 45161 ||| Stepping ~*~*~tactically~*~*~ (hiding).
 45225 | Depths:2 | Identified the +0 leather armour "Jililyf" {rF+ Int+3}
 45411 | Depths:2 | 45411 ||| INVOKING Heroism.
 45486 | Depths:2 | Identified the +8 lajatang of Dissatisfaction {drain,
                  | Will+}
 45486 | Depths:2 | Identified the +3 shadow dragon scales of Youthful
                  | Indiscretion {*Slow rElec rCorr Stlth++++}
 45488 | Depths:2 | Identified the +3 longbow "Urghet" {drain, Drain rF+ rN+}
 45489 | Depths:2 | 45489 ||| INVOKING Heroism.
 45490 | Depths:2 | 45490 ||| DRINKING 2 potions of resistance.
 45505 | Depths:2 | Received a gift from Okawaru
 45520 | Depths:2 | 45520 ||| INVOKING Heroism.
 45529 | Depths:2 | Reached XP level 22. HP: 66/147 MP: 27/29
 45835 | Depths:2 | 45835 ||| Stepping ~*~*~tactically~*~*~ (stealth).
 45925 | Depths:2 | 45925 ||| INVOKING Heroism.
 45935 | Depths:2 | 45935 ||| FLEEEEING.
 45936 | Depths:2 | 45936 ||| FLEEEEING.
 45945 | Depths:2 | 45945 ||| FLEEEEING.
 45946 | Depths:2 | 45946 ||| FLEEEEING.
 45948 | Depths:2 | 45948 ||| FLEEEEING.
 45956 | Depths:2 | 45956 ||| FLEEEEING.
 45957 | Depths:2 | 45957 ||| FLEEEEING.
 45958 | Depths:2 | 45958 ||| FLEEEEING.
 45961 | Depths:2 | 45961 ||| FLEEEEING.
 45962 | Depths:2 | 45962 ||| FLEEEEING.
 45963 | Depths:2 | 45963 ||| FLEEEEING.
 45964 | Depths:2 | 45964 ||| FLEEEEING.
 45965 | Depths:2 | 45965 ||| FLEEEEING.
 45967 | Depths:2 | 45967 ||| FLEEEEING.
 45974 | Depths:2 | 45974 ||| FLEEEEING.
 45975 | Depths:2 | 45975 ||| FLEEEEING.
 45976 | Depths:2 | 45976 ||| FLEEEEING.
 45977 | Depths:2 | 45977 ||| FLEEEEING.
 45982 | Depths:2 | 45982 ||| FLEEEEING.
 45983 | Depths:2 | 45983 ||| FLEEEEING.
 45984 | Depths:2 | 45984 ||| FLEEEEING.
 45990 | Depths:2 | 45990 ||| STAIRDANCE
 46131 | Depths:1 | 46131 ||| DROPPING +0 acid dragon scales.
 46140 | Depths:2 | 46140 ||| INVOKING Heroism.
 46283 | Depths:2 | Found a one-way gate leading to the halls of Pandemonium.
 46307 | Depths:2 | 46307 ||| Stepping ~*~*~tactically~*~*~ (hiding).
 46324 | Depths:2 | 46324 ||| INVOKING Heroism.
 46335 | Depths:2 | HP: 34/147 [hell knight/+5 glaive of distortion (10)]
 46336 | Depths:2 | Reached skill level 22 in Armour
 46336 | Depths:2 | 46336 ||| READING 12 scrolls of teleportation.
 46337 | Depths:2 | 46337 ||| DRINKING potion of heal wounds.
 46581 | Depths:2 | 46581 ||| Stepping ~*~*~tactically~*~*~ (stealth).
 46583 | Depths:2 | 46583 ||| Stepping ~*~*~tactically~*~*~ (stealth).
 46585 | Depths:2 | 46585 ||| Stepping ~*~*~tactically~*~*~ (stealth).
 46587 | Depths:2 | 46587 ||| Stepping ~*~*~tactically~*~*~ (stealth).
 46589 | Depths:2 | 46589 ||| Stepping ~*~*~tactically~*~*~ (hiding).
 46792 | Depths:3 | 46792 ||| Stepping ~*~*~tactically~*~*~ (stealth).
 46847 | Depths:3 | Noticed a golden dragon
 46848 | Depths:3 | 46848 ||| INVOKING Heroism.
 46862 | Depths:3 | Killed a golden dragon
 47014 | Depths:3 | 47014 ||| Stepping ~*~*~tactically~*~*~ (stealth).
 47016 | Depths:3 | 47016 ||| INVOKING Heroism.
 47058 | Depths:3 | 47058 ||| Stepping ~*~*~tactically~*~*~ (stealth).
 47061 | Depths:3 | 47061 ||| INVOKING Heroism.
 47070 | Depths:3 | 47070 ||| Stepping ~*~*~tactically~*~*~ (hiding).
 47079 | Depths:3 | 47079 ||| Stepping ~*~*~tactically~*~*~ (hiding).
 47089 | Depths:3 | 47089 ||| FLEEEEING.
 47090 | Depths:3 | 47090 ||| FLEEEEING.
 47091 | Depths:3 | 47091 ||| FLEEEEING.
 47092 | Depths:3 | 47092 ||| FLEEEEING.
 47093 | Depths:3 | 47093 ||| FLEEEEING.
 47094 | Depths:3 | 47094 ||| FLEEEEING.
 47098 | Depths:3 | 47098 ||| FLEEEEING.
 47099 | Depths:3 | 47099 ||| FLEEEEING.
 47100 | Depths:3 | 47100 ||| FLEEEEING.
 47101 | Depths:3 | 47101 ||| FLEEEEING.
 47102 | Depths:3 | 47102 ||| FLEEEEING.
 47103 | Depths:3 | 47103 ||| FLEEEEING.
 47104 | Depths:3 | 47104 ||| FLEEEEING.
 47105 | Depths:3 | 47105 ||| FLEEEEING.
 47106 | Depths:3 | 47106 ||| FLEEEEING.
 47107 | Depths:3 | 47107 ||| FLEEEEING.
 47108 | Depths:3 | 47108 ||| FLEEEEING.
 47109 | Depths:3 | 47109 ||| FLEEEEING.
 47110 | Depths:3 | 47110 ||| FLEEEEING.
 47111 | Depths:3 | 47111 ||| FLEEEEING.
 47112 | Depths:3 | 47112 ||| FLEEEEING.
 47113 | Depths:3 | 47113 ||| FLEEEEING.
 47114 | Depths:3 | 47114 ||| FLEEEEING.
 47115 | Depths:3 | 47115 ||| FLEEEEING.
 47116 | Depths:3 | 47116 ||| FLEEEEING.
 47120 | Depths:3 | 47120 ||| FLEEEEING.
 47123 | Depths:3 | 47123 ||| STAIRDANCE
 47293 | Depths:3 | 47293 ||| Stepping ~*~*~tactically~*~*~ (hiding).
 47296 | Depths:3 | 47296 ||| Stepping ~*~*~tactically~*~*~ (stealth).
 47358 | Depths:3 | 47358 ||| Stepping ~*~*~tactically~*~*~ (stealth).
 47361 | Depths:3 | 47361 ||| INVOKING Heroism.
 47452 | Depths:3 | 47452 ||| FLEEEEING.
 47453 | Depths:3 | 47453 ||| FLEEEEING.
 47454 | Depths:3 | 47454 ||| FLEEEEING.
 47455 | Depths:3 | 47455 ||| FLEEEEING.
 47456 | Depths:3 | 47456 ||| FLEEEEING.
 47457 | Depths:3 | 47457 ||| FLEEEEING.
 47458 | Depths:3 | 47458 ||| FLEEEEING.
 47459 | Depths:3 | 47459 ||| FLEEEEING.
 47460 | Depths:3 | 47460 ||| FLEEEEING.
 47461 | Depths:3 | 47461 ||| FLEEEEING.
 47462 | Depths:3 | 47462 ||| FLEEEEING.
 47463 | Depths:3 | 47463 ||| FLEEEEING.
 47465 | Depths:3 | 47465 ||| FLEEEEING.
 47466 | Depths:3 | 47466 ||| FLEEEEING.
 47467 | Depths:3 | 47467 ||| FLEEEEING.
 47474 | Depths:3 | 47474 ||| FLEEEEING.
 47475 | Depths:3 | 47475 ||| FLEEEEING.
 47476 | Depths:3 | 47476 ||| FLEEEEING.
 47477 | Depths:3 | 47477 ||| FLEEEEING.
 47478 | Depths:3 | 47478 ||| FLEEEEING.
 47479 | Depths:3 | 47479 ||| FLEEEEING.
 47481 | Depths:3 | 47481 ||| FLEEEEING.
 47482 | Depths:3 | 47482 ||| FLEEEEING.
 47483 | Depths:3 | 47483 ||| FLEEEEING.
 47484 | Depths:3 | 47484 ||| FLEEEEING.
 47485 | Depths:3 | 47485 ||| FLEEEEING.
 47486 | Depths:3 | 47486 ||| FLEEEEING.
 47487 | Depths:3 | 47487 ||| FLEEEEING.
 47488 | Depths:3 | 47488 ||| FLEEEEING.
 47489 | Depths:3 | 47489 ||| FLEEEEING.
 47490 | Depths:3 | 47490 ||| FLEEEEING.
 47491 | Depths:3 | 47491 ||| FLEEEEING.
 47492 | Depths:3 | 47492 ||| FLEEEEING.
 47493 | Depths:3 | 47493 ||| FLEEEEING.
 47494 | Depths:3 | 47494 ||| FLEEEEING.
 47495 | Depths:3 | 47495 ||| FLEEEEING.
 47501 | Depths:3 | 47501 ||| STAIRDANCE
 47559 | Depths:2 | 47559 ||| DROPPING +4 ring of slaying {mikee}.
 47623 | Depths:3 | You are sucked into a shaft and drop 1 floor!
 47623 | Depths:4 | Entered Level 4 of the Depths
 47665 | Depths:4 | 47665 ||| Stepping ~*~*~tactically~*~*~ (stealth).
 47671 | Depths:4 | Found a blossoming altar of Fedhas.
 47676 | Depths:4 | 47676 ||| INVOKING Heroism.
 47680 | Depths:4 | Received a gift from Okawaru
 47690 | Depths:4 | 47690 ||| INVOKING Finesse.
 47692 | Depths:4 | Received a gift from Okawaru
 47710 | Depths:4 | 47710 ||| Stepping ~*~*~tactically~*~*~ (stealth).
 47855 | Depths:4 | 47855 ||| Stepping ~*~*~tactically~*~*~ (hiding).
 47857 | Depths:4 | 47857 ||| Stepping ~*~*~tactically~*~*~ (hiding).
 47858 | Depths:4 | 47858 ||| Stepping ~*~*~tactically~*~*~ (hiding).
 47865 | Depths:4 | 47865 ||| INVOKING Heroism.
 47923 | Depths:4 | HP: 37/149 [shadow dragon (4)]
 47924 | Depths:4 | 47924 ||| READING 11 scrolls of teleportation.
 47925 | Depths:4 | 47925 ||| INVOKING Heroism.
 47928 | Depths:4 | HP: 32/149 [green draconian monk (3)]
 47930 | Depths:4 | 47930 ||| READING 10 scrolls of teleportation.
 47934 | Depths:4 | HP: 11/147 [shadow dragon/bolt of negative energy (10)]
 47935 | Depths:4 | 47935 ||| READING 9 scrolls of teleportation.
 47936 | Depths:4 | HP: 4/147 [green draconian monk (4)]
 47936 | Depths:4 | Killed from afar by a blizzard demon

Levels and vault maps discovered:
D:1:      shiori_arrival_maze, layout_rooms, nicolae_kite_square_tiling_tiny
D:2:      layout_rooms
D:3:      layout_loops_ring, cheibrodos_ashenzari_chains, lemuel_crystal_altar,
          patterned_corridor, uniq_terence
D:4:      layout_basic, serial_shops, shop, roderic_serpentine_path,
          nicolae_hexahallways, st_stairs_9
D:5:      layout_gridville, minmay_temple_entry_statues_fountains,
          uniq_blork_the_orc, uniq_pikel
D:6:      layout_basic, mainiacjoe_overflow_paths, old_standard_altar,
          fedhas_altar_2, kennysheep_vampire_church, dk_noncrumbling_4,
          minmay_misc_feat_roman, minmay_misc_feat_secret_circle
D:7:      layout_basic, mainiacjoe_overflow_alcove_2,
          mainiacjoe_overflow_large_starburst, lightli_minifort
D:8:      layout_gridville, nicolae_gozag_cash_rules_everything_around_me
D:9:      layout_stronghold, uniq_maggie
D:10:     layout_cave_pods, good_gods_mini_temple, bloody_trog,
          nicolae_qazlal_scattered_showers, erik_lair_orcish_takeover,
          orc_0_dummy, sword_in_stone
D:11:     layout_rooms, elyvilon_altar_4, uniq_sonja
D:12:     layout_rooms, serial_aquarium, aquarium_bridge_square
          [aquarium_subvault_bridge, aquarium_subvault_wall,
          aquarium_subvault_bridge, aquarium_subvault_bridge],
          aquarium_bridge_long_separate [aquarium_subvault_bridge,
          aquarium_subvault_wall, aquarium_subvault_wall,
          aquarium_subvault_bridge, aquarium_subvault_bridge,
          aquarium_subvault_wall], aquarium_window_fake, aquarium_window_fake,
          aquarium_view_2b, aquarium_view_2e, aquarium_balcony_double_4
D:13:     layout_loops_cross, kennysheep_generic_room_16
D:14:     layout_gridville, erik_vaults_2, nicolae_trove_entry_crystal, hex_tiny
D:15:     hangedman_depths_entry_civil_slaughter, layout_small_grid,
          serial_glass, glass_columns_b, glass_columns_b,
          chequers_serial_rivers_micro_b, nicolae_dithmenos_the_darkroom
Temple:   nicolae_temple_ecumenical_triangle
Lair:1:   cheibrodos_lair_river_kwai, layout_regular_city
Lair:2:   layout_roguey, palyth_hydra_swamp_entry, dummy_snake_entry
Lair:3:   layout_regular_city, minivault_27, grunt_megastairs_4,
          serial_bayou_shore_a, uniq_rupert
Lair:4:   layout_gridlike, nicolae_slime_entry_field_trip, ebering_ghost_xom,
          fungi_pond_lemuel, uniq_urug
Lair:5:   hangedman_lair_caniforms_friends, layout_loops_ring,
          gauntlet_entry_generic, serial_bayou_ford_a, serial_bayou_shore_b
Swamp:1:  layout_basic_swamp, evilmike_swamp_ruin_wall,
          infiniplex_staircase_pool
Swamp:2:  layout_falls_marsh, nicolae_swamp_treefoil, swamp_pool2
Swamp:3:  layout_basic_swamp, serial_swamp_ruin, evilmike_swamp_ruin_house_6,
          evilmike_swamp_ruin_house_3, swamp_pool3, hangedman_swamp_lotus,
          hangedman_swamp_blocks, uniq_louise
Swamp:4:  swamp, layout_basic_swamp, uniq_mara
Snake:1:  layout_gridlike, grunt_ministairs_4
Snake:2:  layout_chambers, serial_shops, shop, basic_altar, grunt_ministairs_10,
          nicolae_stop_n_shop_2
Snake:3:  layout_onion_interference
Snake:4:  minmay_snake_end_coiled, layout_rooms, lemuel_fruit_tree,
          serial_bayou_shore_b
Orc:1:    layout_caves
Orc:2:    st_orc_ogre_mass, layout_diamond_mine
Vaults:1: nicolae_vaults_little_squares_2, nicolae_vaults_puzzle_piece,
          nicolae_vaults_mini_display_case, v_misc_29, v_misc_18,
          nicolae_vaults_offset_grid_hallway_4, vaults_standard_mumra_lines,
          hangedman_vaults_hat, nicolae_vaults_little_squares_6,
          layout_vaults_big_room, uniq_asterion
Vaults:2: nicolae_vaults_lightning_bolt, nicolae_vaults_circle_grid_a,
          nicolae_vaults_tetromino_L_2, nicolae_vaults_closet_pinwheel_5,
          nicolae_vaults_diagonal_hallway_7, nicolae_vaults_quadrants,
          grunt_vaults_trifunnel, v_misc_4, nicolae_vaults_storage_closets_1,
          nicolae_vaults_three_branches, nicolae_vaults_tetromino_T_2,
          dpeg_vaults_monster_row, nicolae_vaults_little_squares_4,
          layout_vaults_maze, serial_shops, shop
Vaults:3: ontoclasm_vaults_pinch, minmay_crypt_entry_simple_corners,
          v_pattern_3, nicolae_vaults_network_square, nicolae_vaults_tangram_2,
          nicolae_vaults_double_plus_1, hangedman_vaults_trim,
          layout_vaults_omnigrid, serial_shops, shop, uniq_saint_roka
Vaults:4: nicolae_vaults_meiosis, st_octagons_2, v_misc_18,
          nicolae_vaults_twisting_passages, v_misc_24, hangedman_vaults_trim,
          hangedman_vaults_trim, nicolae_vaults_sightless_eye,
          nicolae_vaults_offset_grid_hallway_1,
          nicolae_vaults_trapezoid_lopsided_3, nicolae_vaults_house_3,
          nicolae_vaults_trapezoid_2, layout_vaults_ring
Depths:1: layout_honeycomb, hangedman_tar_grid_catacomb,
          corexii_leaking_fountain, cheibriados_altar_1
Depths:2: nooodl_heptagram, layout_honeycomb, enter_ziggurat_b,
          hangedman_abyss_or_decor_clamps, grunt_metal_band, pan_entry,
          minmay_misc_feat_rows, beargit_elvish_explorers
Depths:3: minmay_the_grid_triangle_9x9_rhombus_thin
          [minmay_the_grid_triangle_9x9_zippers_vertical,
          minmay_the_grid_triangle_9x9_prize_top_heavy,
          minmay_the_grid_triangle_9x9_empty,
          minmay_the_grid_triangle_9x9_wacky_v], layout_basic, pf_coc_iceberg,
          abyss_entry_glasseish, serial_shops, shop, minmay_staircase_bubble,
          uniq_enchantress
Depths:4: grunt_profane_halls [grunt_profane_temple_geh,
          grunt_profane_temple_tar, grunt_profane_temple_coc,
          grunt_profane_temple_dis, grunt_zot_portal], hell_entry

Skill      XL: |  1  2  3  4  5  6  7  8  9 10 11 12 13 14 15 16 17 18 19 20 21 22 |
---------------+-------------------------------------------------------------------+-----
Axes           | 2 3 4 5 7 9 10 11 12 13 15 16 18 | 18.0
Throwing       | 1 2 3 4 5 7 8 9 10 11 | 11.0
Fighting       | 4 5 6 7 8 9 10 11 12 14 15 17 18 19 | 19.2
Dodging        | 1 2 3 4 5 |  5.0
Shields        | 4 5 7 10 11 12 14 17 18 19 20 | 20.4
Armour         | 6 7 8 10 11 12 14 15 16 19 21 22 | 22.0
Invocations    | 4 7 10 | 10.0

Action                     |  1- 3 |  4- 6 |  7- 9 | 10-12 | 13-15 | 16-18 | 19-21 | 22-24 || total
---------------------------+-------+-------+-------+-------+-------+-------+-------+-------++-------
  Melee: War axe           |   108 |   110 |   211 |   359 |   888 |   845 |       |       ||  2521
         Hand axe          |       |       |       |    27 |    42 |    54 |       |       ||   123
         Broad axe         |       |       |       |       |       |    75 |  1275 |   282 ||  1632
  Throw: Javelin           |     9 |    25 |    27 |    64 |   114 |    84 |    69 |    39 ||   431
         Boomerang         |       |       |     4 |    30 |   106 |    53 |    84 |    14 ||   291
 Invoke: Heroism           |       |       |     1 |    24 |    31 |    33 |    31 |    10 ||   130
         Finesse           |       |       |       |     3 |     4 |     6 |    10 |     1 ||    24
    Use: Scroll            |     9 |     1 |    13 |     9 |     8 |    11 |     7 |     4 ||    62
         Potion            |     1 |       |     3 |     2 |     3 |     4 |     4 |     1 ||    18
   Stab: Distracted        |       |       |       |     6 |    19 |    20 |    34 |     9 ||    88
         Confused          |       |       |       |       |       |     3 |       |       ||     3
 Armour: Scale mail        |    25 |       |       |       |       |       |       |       ||    25
         Chain mail        |    44 |    45 |   118 |       |       |       |       |       ||   207
         Plate armour      |       |       |    14 |   168 |   415 |   360 |   114 |       ||  1071
         Crystal plate arm |       |       |       |       |       |       |   168 |   119 ||   287
  Dodge: Dodged            |    41 |    30 |    63 |    82 |   182 |   241 |   285 |    84 ||  1008
  Block: Buckler           |    28 |    20 |    32 |    27 |       |       |       |       ||   107
         Kite shield       |       |       |       |    77 |   345 |       |       |       ||   422
         Tower shield      |       |       |       |       |    60 |   719 |   789 |   215 ||  1783

Table legend:
 A = Non-vault XP
 B = Vault XP
 C = Vault XP percentage of total XP
 D = Non-vault monster count
 E = Vault monster count
 F = Vault count percentage of total count
                 A         B        C        D         E       F
            +---------+---------+-------+---------+---------+-------
      Total |  395984 |  278397 |  41.3 |    1025 |     448 |  30.4
            +---------+---------+-------+---------+---------+-------
        D:1 |      35 |       5 |  12.5 |      19 |       2 |   9.5
        D:2 |      28 |       0 |   0.0 |      11 |       0 |   0.0
        D:3 |      80 |      36 |  31.0 |      26 |       1 |   3.7
        D:4 |     373 |      78 |  17.3 |      15 |       3 |  16.7
        D:5 |     473 |     773 |  62.0 |      12 |       2 |  14.3
        D:6 |    1662 |      65 |   3.8 |      30 |       6 |  16.7
        D:7 |     857 |     219 |  20.4 |      17 |       4 |  19.0
        D:8 |    2136 |       0 |   0.0 |      28 |       0 |   0.0
        D:9 |    1815 |     415 |  18.6 |      28 |       1 |   3.4
       D:10 |    1271 |    3447 |  73.1 |      10 |      13 |  56.5
       D:11 |    5034 |     780 |  13.4 |      26 |       2 |   7.1
       D:12 |    7668 |       0 |   0.0 |      31 |       0 |   0.0
       D:13 |    7898 |     541 |   6.4 |      18 |       1 |   5.3
       D:14 |    5290 |    6967 |  56.8 |      15 |       8 |  34.8
       D:15 |    5721 |    4341 |  43.1 |      12 |       6 |  33.3
     Lair:1 |    4947 |    2846 |  36.5 |      20 |       7 |  25.9
     Lair:2 |    6851 |    2751 |  28.7 |      21 |       6 |  22.2
     Lair:3 |   10009 |    3839 |  27.7 |      36 |       9 |  20.0
     Lair:4 |    9138 |     120 |   1.3 |      28 |       3 |   9.7
     Lair:5 |   13303 |    9688 |  42.1 |      57 |      56 |  49.6
    Swamp:1 |   10747 |       0 |   0.0 |      23 |       0 |   0.0
    Swamp:2 |   14011 |       0 |   0.0 |      24 |       0 |   0.0
    Swamp:3 |   10969 |    1156 |   9.5 |      21 |       1 |   4.5
    Swamp:4 |   11564 |   19905 |  63.3 |      22 |      27 |  55.1
    Snake:1 |   14413 |    2303 |  13.8 |      30 |       4 |  11.8
    Snake:2 |   16566 |    3009 |  15.4 |      30 |       6 |  16.7
    Snake:3 |   15980 |       0 |   0.0 |      30 |       0 |   0.0
    Snake:4 |   20103 |   19224 |  48.9 |      44 |      36 |  45.0
      Orc:1 |    1593 |       0 |   0.0 |      33 |       0 |   0.0
      Orc:2 |    2704 |   18390 |  87.2 |      32 |      41 |  56.2
   Vaults:1 |   27107 |   14653 |  35.1 |      41 |      19 |  31.7
   Vaults:2 |   12274 |   23604 |  65.8 |      21 |      31 |  59.6
   Vaults:3 |   17750 |   15581 |  46.7 |      25 |      23 |  47.9
   Vaults:4 |   32834 |   36355 |  52.5 |      41 |      42 |  50.6
   Depths:1 |   18145 |     774 |   4.1 |      22 |       1 |   4.3
   Depths:2 |   30605 |   57330 |  65.2 |      41 |      54 |  56.8
   Depths:3 |   32346 |       0 |   0.0 |      43 |       0 |   0.0
   Depths:4 |    5989 |   29202 |  83.0 |       8 |      33 |  80.5
    Abyss:2 |   15695 |       0 |   0.0 |      34 |       0 |   0.0
            +---------+---------+-------+---------+---------+-------
